Workbook

Sheet Índice
A2: Índice
A4: CUADROS RESUMEN
A6: ATR-R1 | B6: Accidentes de trabajo
A8: ACCIDENTES DE TRABAJO CON BAJA, EN JORNADA E IN ITINERE, SEGÚN GRAVEDAD
A10: ATR-R1 | B10: Accidetes de trabajo con baja
A11: ATR-A2.1 | B11: Accidentes en jornada de trabajo: Por sector, sección y división de actividad económica. Total
A12: ATR-A2.2 | B12: Accidentes en jornada de trabajo: Por sector, sección y división de actividad económica. Trabajadores por cuenta propia
A13: ATR-A2.3 | B13: Accidentes en jornada de trabajo: Por sector, sección y división de actividad económica. Asalariados
A14: ATR-A2_II | B14: Accidentes In Intinere: Por sector, sección y división de actividad económica
A15: ATR-A3 | B15: Accidentes en jornada de trabajo: Por sexo y edad del trabajador accidentado
A16: ATR-A3_II | B16: Accidentes In Intinere: Por sexo y edad del trabajador accidentado
A17: ATR-A4 | B17: Accidentes en jornada de trabajo: Por grandes grupos de ocupación
A18: ATR-A4_II | B18: Accidentes In Intinere: Por grandes grupos de ocupación
A19: ATR-A5 | B19: Accidentes en jornada de trabajo: Por tipo de lugar donde se encontraba el trabajador accidentado
A20: ATR-A5_II | B20: Accidentes In Intinere: Por tipo de lugar donde se encontraba el trabajador accidentado
A21: ATR-A6 | B21: Accidentes en jornada de trabajo: Por actividad física específica que desempeñaba el trabajador accidentado
... A36: ATR-A13_II | B36: Accidentes In Intinere según relación laboral del accidentado
A37: ÍNDICES DE INCIDENCIA DE ACCIDENTES DE TRABAJO CON BAJA EN JORNADA
A39: ATR-I2.1 | B39: Por sector y sección de actividad económica. Total
A40: ATR-I2.2 | B40: Por sector y sección de actividad económica. Asalariados
A41: ATR-I2.3 | B41: Por sector y sección de actividad económica. Trabajadores por cuenta propia
A43: ANEXOS
A45: TAS | B45: Clasificación contenida en Orden TAS/2926/2002, de 19 de noviembre
A46: CNAE-09 | B46: Clasificación Nacional de Actividades Económicas
A47: CNO11 | B47: Clasifiocación Nacional de Ocupaciones
A48: FUENTES Y NOTAS EXPLICATIVAS
A50: ATR-FN | B50: Fuentes y notas explicativas

Sheet ATR-R1
A1: ACCIDENTES DE TRABAJO | F1: Volver al índice
A3: ATR-A1. ACCIDENTES DE TRABAJO CON BAJA
A6: enero-agosto 2021
C7: VALORES ABSOLUTOS | E7: VARIACIONES SOBRE IGUAL PERIODO AÑO ANTERIOR
C8: 2020 | D8: 2021 | E8: Absolutas | F8: Relativas en %
A9: ACCIDENTES QUE HAN CAUSADO BAJA EN EL PERIODO DE REFERENCIA (1)
A10: Total | C10: 2373 | D10: =SUM(D11:D12) -> 3031 | E10: =D10-C10 -> 658 | F10: =((D10/C10)-1) -> 0.27728614
B11: En jornada de trabajo | C11: 2201 | D11: ='ATR-A2.1'!F9 -> 2769 | E11: =D11-C11 -> 568 | F11: =((D11/C11)-1) -> 0.25806452
B12: In itinere | C12: 172 | D12: ='ATR-A2_II'!F9 -> 262 | E12: =D12-C12 -> 90 | F12: =((D12/C12)-1) -> 0.52325581
B14: Asalariados | C14: 2042 | D14: ='ATR-A2.2'!F9 -> 2586 | E14: =D14-C14 -> 544 | F14: =((D14/C14)-1) -> 0.26640548
B15: Trabajadores por cuenta propia | C15: 159 | D15: =D11-D14 -> 183 | E15: =D15-C15 -> 24 | F15: =((D15/C15)-1) -> 0.1509434
A17: ACCIDENTES EN JORNADA DE TRABAJO
A18: Gravedad
B19: Leves | C19: 2175 | D19: ='ATR-A2.1'!C9 -> 2738 | E19: =D19-C19 -> 563 | F19: =((D19/C19)-1) -> 0.25885057
B20: Graves | C20: 21 | D20: ='ATR-A2.1'!D9 -> 27 | E20: =D20-C20 -> 6 | F20: =((D20/C20)-1) -> 0.28571429
B21: Mortales | C21: 5 | D21: ='ATR-A2.1'!E9 -> 4 | E21: =D21-C21 -> -1 | F21: =((D21/C21)-1) -> -0.2
A23: Sexo
B24: Varones | C24: 1594 | D24: ='ATR-A3'!E23 -> 1961 | E24: =D24-C24 -> 367 | F24: =((D24/C24)-1) -> 0.23023839
B25: Mujeres | C25: 607 | D25: ='ATR-A3'!E37 -> 808 | E25: =D25-C25 -> 201 | F25: =((D25/C25)-1) -> 0.33113674
A27: Forma o contacto que produjo la lesión
B28: Sobreesfuerzo físico sobre el sistema musculoesquelético | C28: 856 | D28: 1039 | E28: =D28-C28 -> 183 | F28: =((D28/C28)-1) -> 0.21378505
B29: Choque contra objeto inmóvil | C29: 551 | D29: 668 | E29: =D29-C29 -> 117 | F29: =((D29/C29)-1) -> 0.2123412
B30: Choque contra objetos en movimiento | C30: 365 | D30: 438 | E30: =D30-C30 -> 73 | F30: =((D30/C30)-1) -> 0.2
B31: Contacto con agente material cortante, punzante o duro | C31: 241 | D31: 290 | E31: =D31-C31 -> 49 | F31: =((D31/C31)-1) -> 0.2033195
B32: Otras causas | C32: 188 | D32: =D11-SUM(D28:D31) -> 334 | E32: =D32-C32 -> 146 | F32: =((D32/C32)-1) -> 0.77659574
A34: Sección de actividad
B35: A - Agricultura, ganadería, silvicultura y pesca | C35: 155 | D35: ='ATR-I2.1'!D18 -> 181 | E35: =D35-C35 -> 26 | F35: =((D35/C35)-1) -> 0.16774194
B36: B - Industrias extractivas | C36: 3 | D36: ='ATR-I2.1'!D19 -> 5 | E36: =D36-C36 -> 2 | F36: =((D36/C36)-1) -> 0.66666667
B37: C - Industria manufacturera | C37: 753 | D37: ='ATR-I2.1'!D20 -> 783 | E37: =D37-C37 -> 30 | F37: =((D37/C37)-1) -> 0.039840637
B38: E - Suministro de agua, saneamiento, gestión residuos | C38: 37 | D38: ='ATR-I2.1'!D22 -> 40 | E38: =D38-C38 -> 3 | F38: =((D38/C38)-1) -> 0.081081081
B39: F - Construcción | C39: 312 | D39: ='ATR-I2.1'!D23 -> 402 | E39: =D39-C39 -> 90 | F39: =((D39/C39)-1) -> 0.28846154
B40: G - Comercio al por mayor y menor; reparación de vehículos a motor | C40: 270 | D40: ='ATR-I2.1'!D24 -> 314 | E40: =D40-C40 -> 44 | F40: =((D40/C40)-1) -> 0.16296296
B41: H - Transporte y almacenamiento | C41: 122 | D41: ='ATR-I2.1'!D25 -> 137 | E41: =D41-C41 -> 15 | F41: =((D41/C41)-1) -> 0.12295082
B42: I - Hostelería | C42: 110 | D42: ='ATR-I2.1'!D26 -> 125 | E42: =D42-C42 -> 15 | F42: =((D42/C42)-1) -> 0.13636364
B43: N - Actividades administrativas y servicios auxiliares | C43: 91 | D43: ='ATR-I2.1'!D31 -> 258 | E43: =D43-C43 -> 167 | F43: =((D43/C43)-1) -> 1.8351648
B44: O - Administración Pública y defensa; Seguridad social obligatoria | C44: 68 | D44: ='ATR-I2.1'!D32 -> 121 | E44: =D44-C44 -> 53 | F44: =((D44/C44)-1) -> 0.77941176
B45: Q - Actividades sanitarias y de servicios sociales | C45: 192 | D45: ='ATR-I2.1'!D34 -> 284 | E45: =D45-C45 -> 92 | F45: =((D45/C45)-1) -> 0.47916667
B46: Resto de secciones de actividad (D, J, K, L, M, P, R, S, T, U) | C46: 88 | D46: =D11-SUM(D35:D45) -> 119 | E46: =D46-C46 -> 31 | F46: =((D46/C46)-1) -> 0.35227273
A48: ÍNDICES DE INCIDENCIA DE ACCIDENTES EN JORNADA DE TRABAJO
A49: Sección de actividad
B50: Total | C50: 223.07854 | D50: ='ATR-I2.1'!I9 -> 276.05747 | E50: =D50-C50 -> 52.978928 | F50: =((D50/C50)-1) -> 0.23749002
B51: A - Agricultura, ganadería, silvicultura y pesca | C51: 275.97258 | D51: ='ATR-I2.1'!I18 -> 315.95301 | E51: =D51-C51 -> 39.980428 | F51: =((D51/C51)-1) -> 0.14487101
B52: B - Industrias extractivas | C52: 274.22303 | D52: ='ATR-I2.1'!I19 -> 454.54545 | E52: =D52-C52 -> 180.32242 | F52: =((D52/C52)-1) -> 0.65757576
B53: C - Industria manufacturera | C53: 382.66084 | D53: ='ATR-I2.1'!I20 -> 397.24214 | E53: =D53-C53 -> 14.581296 | F53: =((D53/C53)-1) -> 0.038105011
B54: E - Suministro de agua, saneamiento, gestión residuos | C54: 435.90952 | D54: ='ATR-I2.1'!I22 -> 459.08413 | E54: =D54-C54 -> 23.174608 | F54: =((D54/C54)-1) -> 0.053163803
B55: F - Construcción | C55: 474.62578 | D55: ='ATR-I2.1'!I23 -> 588.70909 | E55: =D55-C55 -> 114.08331 | F55: =((D55/C55)-1) -> 0.24036476
B56: G - Comercio al por mayor y menor; reparación de vehículos a motor | C56: 176.32768 | D56: ='ATR-I2.1'!I24 -> 205.57945 | E56: =D56-C56 -> 29.25177 | F56: =((D56/C56)-1) -> 0.16589437
B57: H - Transporte y almacenamiento | C57: 340.07917 | D57: ='ATR-I2.1'!I25 -> 375.80579 | E57: =D57-C57 -> 35.726622 | F57: =((D57/C57)-1) -> 0.10505384
B58: I - Hostelería | C58: 150.1604 | D58: ='ATR-I2.1'!I26 -> 184.09697 | E58: =D58-C58 -> 33.936569 | F58: =((D58/C58)-1) -> 0.22600212
B59: N - Actividades administrativas y servicios auxiliares | C59: 166.58429 | D59: ='ATR-I2.1'!I31 -> 455.34769 | E59: =D59-C59 -> 288.7634 | F59: =((D59/C59)-1) -> 1.7334372
B60: O - Administración Pública y defensa; Seguridad social obligatoria | C60: 130.61601 | D60: ='ATR-I2.1'!I32 -> 218.45493 | E60: =D60-C60 -> 87.83892 | F60: =((D60/C60)-1) -> 0.67249735
B61: Q - Actividades sanitarias y de servicios sociales | C61: 205.87605 | D61: ='ATR-I2.1'!I34 -> 297.29192 | E61: =D61-C61 -> 91.415876 | F61: =((D61/C61)-1) -> 0.44403357
A63: ACCIDENTES IN ITINERE
A64: Gravedad
B65: Leves | C65: 167 | D65: ='ATR-A2_II'!C9 -> 260 | E65: =D65-C65 -> 93 | F65: =((D65/C65)-1) -> 0.55688623
B66: Graves | C66: 4 | D66: ='ATR-A2_II'!D9 -> 1 | E66: =D66-C66 -> -3 | F66: =((D66/C66)-1) -> -0.75
B67: Mortales | C67: 1 | D67: ='ATR-A2_II'!E9 -> 1 | E67: 0
A69: Sexo
B70: Varones | C70: 81 | D70: ='ATR-A3_II'!E22 -> 123 | E70: =D70-C70 -> 42 | F70: =((D70/C70)-1) -> 0.51851852
B71: Mujeres | C71: 91 | D71: ='ATR-A3_II'!E35 -> 139 | E71: =D71-C71 -> 48 | F71: =((D71/C71)-1) -> 0.52747253
A73: Forma o contacto que produjo la lesión
B74: Choque o golpe contra objeto inmóvil (caídas, tropiezos, etc.) | C74: 51 | D74: 107 | E74: =D74-C74 -> 56 | F74: =((D74/C74)-1) -> 1.0980392
B75: Sobreesfuerzo físico sobre el sistema musculoesquelético | C75: 12 | D75: 14 | E75: =D75-C75 -> 2 | F75: =((D75/C75)-1) -> 0.16666667
B76: Choque contra objetos en movimiento | C76: 103 | D76: 134 | E76: =D76-C76 -> 31 | F76: =((D76/C76)-1) -> 0.30097087
B77: Otras causas | C77: 6 | D77: =D12-SUM(D74:D76) -> 7 | E77: =D77-C77 -> 1 | F77: =((D77/C77)-1) -> 0.16666667
A79: (1) Se incluyen los accidentes que han causado baja en el periodo de referencia y han sido recepcionados por la Autoridad Laboral Provincial.

Sheet ATR-A2.1
A1: ACCIDENTES DE TRABAJO | E1: Volver al índice
A3: ATR-A2. ACCIDENTES DE TRABAJO CON BAJA, EN JORNADA, SEGÚN GRAVEDAD,
A4: POR SECTOR, SECCIÓN Y DIVISIÓN DE ACTIVIDAD ECONÓMICA
A6: enero-agosto 2021
C8: Leves | D8: Graves | E8: Mortales | F8: TOTAL
B9: TOTAL | C9: =SUM(C12:C15) -> 2738 | D9: =SUM(D12:D15) -> 27 | E9: =SUM(E12:E15) -> 4 | F9: =SUM(F12:F15) -> 2769
B11: SECTOR
B12: Agrario | C12: =C18+C19+C20 -> 179 | D12: =D18+D19+D20 -> 2 | E12: =E18+E19+E20 -> 0 | F12: =SUM(C12:E12) -> 181
B13: Industria | C13: =SUM(C21:C42) -> 816 | D13: =SUM(D21:D42) -> 11 | E13: =SUM(E21:E42) -> 1 | F13: =SUM(C13:E13) -> 828
B14: Construcción | C14: =SUM(C43:C45) -> 395 | D14: =SUM(D43:D45) -> 7 | E14: =SUM(E43:E45) -> 0 | F14: =SUM(C14:E14) -> 402
B15: Servicios | C15: =SUM(C46:C100) -> 1348 | D15: =SUM(D46:D100) -> 7 | E15: =SUM(E46:E100) -> 3 | F15: =SUM(C15:E15) -> 1358
B17: SECCIÓN Y DIVISIÓN
B18: 01 Agricultura, ganadería, caza y servicios relacionados con las mismas | C18: 151 | D18: 2 | E18: 0 | F18: =SUM(C18:E18) -> 153
B19: 02 Silvicultura y explotación forestal | C19: 24 | D19: 0 | E19: 0 | F19: =SUM(C19:E19) -> 24
B20: 03 Pesca y acuicultura | C20: 4 | D20: 0 | E20: 0 | F20: =SUM(C20:E20) -> 4
B21: 08 Otras industrias extractivas | C21: 5 | D21: 0 | E21: 0 | F21: =SUM(C21:E21) -> 5
B22: 10 Industria de la alimentación | C22: 200 | D22: 2 | E22: 0 | F22: =SUM(C22:E22) -> 202
B23: 11 Fabricación de bebidas | C23: 52 | D23: 0 | E23: 0 | F23: =SUM(C23:E23) -> 52
B24: 13 Industria textil | C24: 14 | D24: 0 | E24: 0 | F24: =SUM(C24:E24) -> 14
B25: 15 Industria del cuero y del calzado | C25: 54 | D25: 0 | E25: 0 | F25: =SUM(C25:E25) -> 54
B26: 16 Industria de la madera y del corcho, excepto muebles cestería y espartería | C26: 45 | D26: 1 | E26: 0 | F26: =SUM(C26:E26) -> 46
B27: 17 Industria del papel | C27: 21 | D27: 0 | E27: 0 | F27: =SUM(C27:E27) -> 21
B28: 18 Artes gráficas y reproducción de soportes grabados | C28: 10 | D28: 0 | E28: 0 | F28: =SUM(C28:E28) -> 10
B29: 20 Industria química | C29: 11 | D29: 0 | E29: 0 | F29: =SUM(C29:E29) -> 11
... B79: 97 Actividades de los hogares como empleadores de personal doméstico | C79: 6 | D79: 1 | E79: 0 | F79: =SUM(C79:E79) -> 7

Sheet ATR-A2.2
A1: ACCIDENTES DE TRABAJO | E1: Volver al índice
A3: ATR-A2. ACCIDENTES DE TRABAJO CON BAJA, EN JORNADA, SEGÚN GRAVEDAD,
A4: POR SECTOR, SECCIÓN Y DIVISIÓN DE ACTIVIDAD ECONÓMICA. ASALARIADOS.
A6: enero-agosto 2021
C8: Leves | D8: Graves | E8: Mortales | F8: TOTAL
B9: TOTAL | C9: =SUM(C12:C15) -> 2558 | D9: =SUM(D12:D15) -> 24 | E9: =SUM(E12:E15) -> 4 | F9: =SUM(F12:F15) -> 2586
B11: SECTOR
B12: Agrario | C12: =C18+C19+C20 -> 150 | D12: =D18+D19+D20 -> 1 | E12: =E18+E19+E20 -> 0 | F12: =F18+F19+F20 -> 151
B13: Industria | C13: =SUM(C21:C41) -> 803 | D13: =SUM(D21:D41) -> 11 | E13: =SUM(E21:E41) -> 1 | F13: =SUM(F21:F41) -> 815
B14: Construcción | C14: =SUM(C42:C44) -> 338 | D14: =SUM(D42:D44) -> 6 | E14: =SUM(E42:E44) -> 0 | F14: =SUM(F42:F44) -> 344
B15: Servicios | C15: =SUM(C45:C100) -> 1267 | D15: =SUM(D45:D100) -> 6 | E15: =SUM(E45:E100) -> 3 | F15: =SUM(F45:F91) -> 1276
B17: SECCIÓN Y DIVISIÓN
B18: 01 Agricultura, ganadería, caza y servicios relacionados con las mismas | C18: 124 | D18: 1 | E18: 0 | F18: =SUM(C18:E18) -> 125
B19: 02 Silvicultura y explotación forestal | C19: 22 | D19: 0 | E19: 0 | F19: =SUM(C19:E19) -> 22
B20: 03 Pesca y acuicultura | C20: 4 | D20: 0 | E20: 0 | F20: =SUM(C20:E20) -> 4
B21: 08 Otras industrias extractivas | C21: 5 | D21: 0 | E21: 0 | F21: =SUM(C21:E21) -> 5
B22: 10 Industria de la alimentación | C22: 199 | D22: 2 | E22: 0 | F22: =SUM(C22:E22) -> 201
B23: 11 Fabricación de bebidas | C23: 52 | D23: 0 | E23: 0 | F23: =SUM(C23:E23) -> 52
B24: 13 Industria textil | C24: 14 | D24: 0 | E24: 0 | F24: =SUM(C24:E24) -> 14
B25: 15 Industria del cuero y del calzado | C25: 53 | D25: 0 | E25: 0 | F25: =SUM(C25:E25) -> 53
B26: 16 Industria de la madera y del corcho, excepto muebles cestería y espartería | C26: 43 | D26: 1 | E26: 0 | F26: =SUM(C26:E26) -> 44
B27: 17 Industria del papel | C27: 20 | D27: 0 | E27: 0 | F27: =SUM(C27:E27) -> 20
B28: 18 Artes gráficas y reproducción de soportes grabados | C28: 9 | D28: 0 | E28: 0 | F28: =SUM(C28:E28) -> 9
B29: 20 Industria química | C29: 11 | D29: 0 | E29: 0 | F29: =SUM(C29:E29) -> 11
... B75: 97 Actividades de los hogares como empleadores de personal doméstico | C75: 6 | D75: 1 | E75: 0 | F75: =SUM(C75:E75) -> 7

Sheet ATR-A2.3
A1: ACCIDENTES DE TRABAJO | E1: Volver al índice
A3: ATR-A2. ACCIDENTES DE TRABAJO CON BAJA, EN JORNADA, SEGÚN GRAVEDAD,
A4: POR SECTOR, SECCIÓN Y DIVISIÓN DE ACTIVIDAD ECONÓMICA. TRABAJADORES POR CUENTA PROPIA.
A6: enero-agosto 2021
C8: Leves | D8: Graves | E8: Mortales | F8: TOTAL
B9: TOTAL | C9: ='ATR-A2.1'!C9-'ATR-A2.2'!C9 -> 180 | D9: ='ATR-A2.1'!D9-'ATR-A2.2'!D9 -> 3 | E9: ='ATR-A2.1'!E9-'ATR-A2.2'!E9 -> 0 | F9: ='ATR-A2.1'!F9-'ATR-A2.2'!F9 -> 183
B11: SECTOR
B12: Agrario | C12: ='ATR-A2.1'!C12-'ATR-A2.2'!C12 -> 29 | D12: ='ATR-A2.1'!D12-'ATR-A2.2'!D12 -> 1 | E12: ='ATR-A2.1'!E12-'ATR-A2.2'!E12 -> 0 | F12: ='ATR-A2.1'!F12-'ATR-A2.2'!F12 -> 30
B13: Industria | C13: ='ATR-A2.1'!C13-'ATR-A2.2'!C13 -> 13 | D13: ='ATR-A2.1'!D13-'ATR-A2.2'!D13 -> 0 | E13: ='ATR-A2.1'!E13-'ATR-A2.2'!E13 -> 0 | F13: ='ATR-A2.1'!F13-'ATR-A2.2'!F13 -> 13
B14: Construcción | C14: ='ATR-A2.1'!C14-'ATR-A2.2'!C14 -> 57 | D14: ='ATR-A2.1'!D14-'ATR-A2.2'!D14 -> 1 | E14: ='ATR-A2.1'!E14-'ATR-A2.2'!E14 -> 0 | F14: ='ATR-A2.1'!F14-'ATR-A2.2'!F14 -> 58
B15: Servicios | C15: ='ATR-A2.1'!C15-'ATR-A2.2'!C15 -> 81 | D15: ='ATR-A2.1'!D15-'ATR-A2.2'!D15 -> 1 | E15: ='ATR-A2.1'!E15-'ATR-A2.2'!E15 -> 0 | F15: ='ATR-A2.1'!F15-'ATR-A2.2'!F15 -> 82
B17: SECCIÓN Y DIVISIÓN
B18: 01 Agricultura, ganadería, caza y servicios relacionados con las mismas | C18: 27 | D18: 1 | E18: 0 | F18: =SUM(C18:E18) -> 28
B19: 02 Silvicultura y explotación forestal | C19: 2 | D19: 0 | E19: 0 | F19: =SUM(C19:E19) -> 2
B20: 10 Industria de la alimentación | C20: 1 | D20: 0 | E20: 0 | F20: =SUM(C20:E20) -> 1
B21: 15 Industria del cuero y del calzado | C21: 1 | D21: 0 | E21: 0 | F21: =SUM(C21:E21) -> 1
B22: 16 Industria de la madera y del corcho, excepto muebles cestería y espartería | C22: 2 | D22: 0 | E22: 0 | F22: =SUM(C22:E22) -> 2
B23: 17 Industria del papel | C23: 1 | D23: 0 | E23: 0 | F23: =SUM(C23:E23) -> 1
B24: 18 Artes gráficas y reproducción de soportes grabados | C24: 1 | D24: 0 | E24: 0 | F24: =SUM(C24:E24) -> 1
B25: 25 Fabricación de productos metálicos, excepto maquinaria y equipo | C25: 1 | D25: 0 | E25: 0 | F25: =SUM(C25:E25) -> 1
B26: 31 Fabricación de muebles | C26: 4 | D26: 0 | E26: 0 | F26: =SUM(C26:E26) -> 4
B27: 32 Otras industrias manufactureras | C27: 1 | D27: 0 | E27: 0 | F27: =SUM(C27:E27) -> 1
B28: 33 Reparación e instalación de maquinaria y equipo | C28: 1 | D28: 0 | E28: 0 | F28: =SUM(C28:E28) -> 1
B29: 41 Construcción de edificios | C29: 16 | D29: 0 | E29: 0 | F29: =SUM(C29:E29) -> 16
... B48: 96 Otros servicios personales | C48: 1 | D48: 0 | E48: 0 | F48: =SUM(C48:E48) -> 1

Sheet ATR-A2_II
A1: ACCIDENTES DE TRABAJO | E1: Volver al índice
A3: ATR-A2_II. ACCIDENTES DE TRABAJO CON BAJA, IN ITINERE, SEGÚN GRAVEDAD,
A4: POR SECTOR, SECCIÓN Y DIVISIÓN DE ACTIVIDAD ECONÓMICA
A6: enero-agosto 2021
C8: Leves | D8: Graves | E8: Mortales | F8: TOTAL
B9: TOTAL | C9: =SUM(C12:C15) -> 260 | D9: =SUM(D12:D15) -> 1 | E9: =SUM(E12:E15) -> 1 | F9: =SUM(C9:E9) -> 262
B11: SECTOR
B12: Agrario | C12: =C18+C19 -> 8 | D12: =D18+D19 -> 0 | E12: =E18+E19 -> 0 | F12: =SUM(C12:E12) -> 8
B13: Industria | C13: =SUM(C20:C36) -> 75 | D13: =SUM(D20:D36) -> 1 | E13: =SUM(E20:E36) -> 1 | F13: =SUM(C13:E13) -> 77
B14: Construcción | C14: =SUM(C37:C38) -> 2 | D14: =SUM(D37:D38) -> 0 | E14: =SUM(E37:E38) -> 0 | F14: =SUM(C14:E14) -> 2
B15: Servicios | C15: =SUM(C39:C90) -> 175 | D15: =SUM(D39:D90) -> 0 | E15: =SUM(E39:E90) -> 0 | F15: =SUM(C15:E15) -> 175
B17: SECCIÓN Y DIVISIÓN
B18: 01 Agricultura, ganadería, caza y servicios relacionados con las mismas | C18: 7 | D18: 0 | E18: 0 | F18: =SUM(C18:E18) -> 7
B19: 02 Silvicultura y explotación forestal | C19: 1 | D19: 0 | E19: 0 | F19: =SUM(C19:E19) -> 1
B20: 10 Industria de la alimentación | C20: 24 | D20: 0 | E20: 0 | F20: =SUM(C20:E20) -> 24
B21: 11 Fabricación de bebidas | C21: 5 | D21: 0 | E21: 0 | F21: =SUM(C21:E21) -> 5
B22: 13 Industria textil | C22: 1 | D22: 0 | E22: 0 | F22: =SUM(C22:E22) -> 1
B23: 15 Industria del cuero y del calzado | C23: 9 | D23: 0 | E23: 0 | F23: =SUM(C23:E23) -> 9
B24: 16 Industria de la madera y del corcho, excepto muebles cestería y espartería | C24: 3 | D24: 0 | E24: 1 | F24: =SUM(C24:E24) -> 4
B25: 17 Industria del papel | C25: 2 | D25: 0 | E25: 0 | F25: =SUM(C25:E25) -> 2
B26: 18 Artes gráficas y reproducción de soportes grabados | C26: 1 | D26: 0 | E26: 0 | F26: =SUM(C26:E26) -> 1
B27: 20 Industria química | C27: 1 | D27: 0 | E27: 0 | F27: =SUM(C27:E27) -> 1
B28: 22 Fabricación de productos de caucho y plásticos | C28: 8 | D28: 0 | E28: 0 | F28: =SUM(C28:E28) -> 8
B29: 23 Fabricación de otros productos minerales no metálicos | C29: 2 | D29: 0 | E29: 0 | F29: =SUM(C29:E29) -> 2
... B64: 96 Otros servicios personales | C64: 1 | D64: 0 | E64: 0 | F64: =SUM(C64:E64) -> 1

Sheet ATR-A3
A1: ACCIDENTES DE TRABAJO | G1: Volver al índice
A3: ATR-A3. ACCIDENTES DE TRABAJO CON BAJA, EN JORNADA, SEGÚN GRAVEDAD,
A4: POR SEXO Y EDAD DEL TRABAJADOR ACCIDENTADO
A6: enero-agosto 2021
B8: Leves | C8: Graves | D8: Mortales | E8: TOTAL
A9: TOTAL | B9: =SUM(B10:B21) -> 2738 | C9: =SUM(C10:C21) -> 27 | D9: =SUM(D10:D21) -> 4 | E9: =SUM(E10:E21) -> 2769
A10: De 16 a 19 | B10: =B24+B38 -> 35 | C10: =C24+C38 -> 1 | D10: =D24+D38 -> 0 | E10: =SUM(B10:D10) -> 36
A11: De 20 a 24 | B11: =B25+B39 -> 191 | C11: =C25+C39 -> 0 | D11: =D25+D39 -> 1 | E11: =SUM(B11:D11) -> 192
A12: De 25 a 29 | B12: =B26+B40 -> 233 | C12: =C26+C40 -> 0 | D12: =D26+D40 -> 0 | E12: =SUM(B12:D12) -> 233
A13: De 30 a 34 | B13: =B27+B41 -> 280 | C13: =C27+C41 -> 3 | D13: =D27+D41 -> 0 | E13: =SUM(B13:D13) -> 283
A14: De 35 a 39 | B14: =B28+B42 -> 345 | C14: =C28+C42 -> 2 | D14: =D28+D42 -> 0 | E14: =SUM(B14:D14) -> 347
A15: De 40 a 44 | B15: =B29+B43 -> 407 | C15: =C29+C43 -> 5 | D15: =D29+D43 -> 0 | E15: =SUM(B15:D15) -> 412
A16: De 45 a 49 | B16: =B30+B44 -> 415 | C16: =C30+C44 -> 2 | D16: =D30+D44 -> 1 | E16: =SUM(B16:D16) -> 418
A17: De 50 a 54 | B17: =B31+B45 -> 373 | C17: =C31+C45 -> 5 | D17: =D31+D45 -> 0 | E17: =SUM(B17:D17) -> 378
A18: De 55 a 59 | B18: =B32+B46 -> 283 | C18: =C32+C46 -> 8 | D18: =D32+D46 -> 1 | E18: =SUM(B18:D18) -> 292
A19: De 60 a 64 | B19: =B33+B47 -> 149 | C19: =C33+C47 -> 0 | D19: =D33+D47 -> 0 | E19: =SUM(B19:D19) -> 149
A20: 65 o más años | B20: =B34+B48 -> 15 | C20: =C34+C48 -> 1 | D20: =D34+D48 -> 1 | E20: =SUM(B20:D20) -> 17
A21: No consta | B21: 12 | C21: 0 | D21: 0 | E21: 12
A23: VARONES | B23: =SUM(B24:B34) -> 1928 | C23: =SUM(C24:C34) -> 24 | D23: =SUM(D24:D34) -> 3 | E23: =SUM(E24:E35) -> 1961
A24: De 16 a 19 | B24: 27 | C24: 1 | D24: 0 | E24: =SUM(B24:D24) -> 28
A25: De 20 a 24 | B25: 146 | C25: 0 | D25: 1 | E25: =SUM(B25:D25) -> 147
A26: De 25 a 29 | B26: 170 | C26: 0 | D26: 0 | E26: =SUM(B26:D26) -> 170
A27: De 30 a 34 | B27: 209 | C27: 3 | D27: 0 | E27: =SUM(B27:D27) -> 212
A28: De 35 a 39 | B28: 251 | C28: 1 | D28: 0 | E28: =SUM(B28:D28) -> 252
A29: De 40 a 44 | B29: 283 | C29: 5 | D29: 0 | E29: =SUM(B29:D29) -> 288
A30: De 45 a 49 | B30: 282 | C30: 2 | D30: 0 | E30: =SUM(B30:D30) -> 284
A31: De 50 a 54 | B31: 258 | C31: 5 | D31: 0 | E31: =SUM(B31:D31) -> 263
A32: De 55 a 59 | B32: 197 | C32: 7 | D32: 1 | E32: =SUM(B32:D32) -> 205
A33: De 60 a 64 | B33: 95 | C33: 0 | D33: 0 | E33: =SUM(B33:D33) -> 95
A34: 65 o más años | B34: 10 | C34: 0 | D34: 1 | E34: =SUM(B34:D34) -> 11
A35: No consta | B35: 6 | C35: 0 | D35: 0 | E35: =SUM(B35:D35) -> 6
A37: MUJERES | B37: =SUM(B38:B48) -> 798 | C37: =SUM(C38:C48) -> 3 | D37: =SUM(D38:D48) -> 1 | E37: =SUM(E38:E49) -> 808
A38: De 16 a 19 | B38: 8 | C38: 0 | D38: 0 | E38: =E10-E24 -> 8
A39: De 20 a 24 | B39: 45 | C39: 0 | D39: 0 | E39: =E11-E25 -> 45
A40: De 25 a 29 | B40: 63 | C40: 0 | D40: 0 | E40: =E12-E26 -> 63
A41: De 30 a 34 | B41: 71 | C41: 0 | D41: 0 | E41: =E13-E27 -> 71
A42: De 35 a 39 | B42: 94 | C42: 1 | D42: 0 | E42: =E14-E28 -> 95
A43: De 40 a 44 | B43: 124 | C43: 0 | D43: 0 | E43: =E15-E29 -> 124
A44: De 45 a 49 | B44: 133 | C44: 0 | D44: 1 | E44: =E16-E30 -> 134
A45: De 50 a 54 | B45: 115 | C45: 0 | D45: 0 | E45: =E17-E31 -> 115
A46: De 55 a 59 | B46: 86 | C46: 1 | D46: 0 | E46: =E18-E32 -> 87
A47: De 60 a 64 | B47: 54 | C47: 0 | D47: 0 | E47: =E19-E33 -> 54
A48: 65 o más años | B48: 5 | C48: 1 | D48: 0 | E48: =E20-E34 -> 6
A49: No consta | B49: 6 | C49: 0 | D49: 0 | E49: =E21-E35 -> 6

Sheet ATR-A3_II
A1: ACCIDENTES DE TRABAJO
A3: ATR-A3_II. ACCIDENTES DE TRABAJO CON BAJA, IN ITINERE, SEGÚN GRAVEDAD,
A4: POR SEXO Y EDAD DEL TRABAJADOR ACCIDENTADO
A6: enero-agosto 2021
B8: Leves | C8: Graves | D8: Mortales | E8: TOTAL
A9: TOTAL | B9: =SUM(B10:B20) -> 258 | C9: =SUM(C10:C20) -> 1 | D9: =SUM(D10:D20) -> 1 | E9: =SUM(E10:E21) -> 262
A10: De 16 a 19 | B10: 3 | C10: 0 | D10: 0 | E10: =SUM(B10:D10) -> 3
A11: De 20 a 24 | B11: 21 | C11: 0 | D11: 0 | E11: =SUM(B11:D11) -> 21
A12: De 25 a 29 | B12: 25 | C12: 0 | D12: 0 | E12: =SUM(B12:D12) -> 25
A13: De 30 a 34 | B13: 26 | C13: 0 | D13: 0 | E13: =SUM(B13:D13) -> 26
A14: De 35 a 39 | B14: 33 | C14: 0 | D14: 0 | E14: =SUM(B14:D14) -> 33
A15: De 40 a 44 | B15: 30 | C15: 0 | D15: 0 | E15: =SUM(B15:D15) -> 30
A16: De 45 a 49 | B16: 42 | C16: 0 | D16: 0 | E16: =SUM(B16:D16) -> 42
A17: De 50 a 54 | B17: 26 | C17: 1 | D17: 0 | E17: =SUM(B17:D17) -> 27
A18: De 55 a 59 | B18: 33 | C18: 0 | D18: 1 | E18: =SUM(B18:D18) -> 34
A19: De 60 a 64 | B19: 18 | C19: 0 | D19: 0 | E19: =SUM(B19:D19) -> 18
A20: 65 o más años | B20: 1 | C20: 0 | D20: 0 | E20: =SUM(B20:D20) -> 1
A21: No consta | B21: 2 | E21: 2
A22: HOMBRES | B22: =SUM(B23:B33) -> 120 | C22: =SUM(C23:C33) -> 1 | D22: =SUM(D23:D33) -> 1 | E22: =SUM(E23:E34) -> 123
A23: De 16 a 19 | B23: 2 | C23: 0 | D23: 0 | E23: =SUM(B23:D23) -> 2
A24: De 20 a 24 | B24: 16 | C24: 0 | D24: 0 | E24: =SUM(B24:D24) -> 16
A25: De 25 a 29 | B25: 11 | C25: 0 | D25: 0 | E25: =SUM(B25:D25) -> 11
A26: De 30 a 34 | B26: 14 | C26: 0 | D26: 0 | E26: =SUM(B26:D26) -> 14
A27: De 35 a 39 | B27: 15 | C27: 0 | D27: 0 | E27: =SUM(B27:D27) -> 15
A28: De 40 a 44 | B28: 11 | C28: 0 | D28: 0 | E28: =SUM(B28:D28) -> 11
A29: De 45 a 49 | B29: 22 | C29: 0 | D29: 0 | E29: =SUM(B29:D29) -> 22
A30: De 50 a 54 | B30: 13 | C30: 1 | D30: 0 | E30: =SUM(B30:D30) -> 14
A31: De 55 a 59 | B31: 9 | C31: 0 | D31: 1 | E31: =SUM(B31:D31) -> 10
A32: De 60 a 64 | B32: 7 | C32: 0 | D32: 0 | E32: =SUM(B32:D32) -> 7
A33: 65 o más años | E33: =SUM(B33:D33) -> 0
A34: No consta | B34: 1 | C34: 0 | D34: 0 | E34: =SUM(B34:D34) -> 1
A35: MUJERES | B35: =SUM(B36:B47) -> 139 | C35: =SUM(C37:C47) -> 0 | D35: =SUM(D37:D47) -> 0 | E35: =SUM(B35:D35) -> 139
A36: De 16 a 19 | B36: =B10-B23 -> 1 | C36: =C10-C23 -> 0 | D36: =D10-D23 -> 0 | E36: =E10-E23 -> 1
A37: De 20 a 24 | B37: =B11-B24 -> 5 | C37: =C11-C24 -> 0 | D37: =D11-D24 -> 0 | E37: =E11-E24 -> 5
A38: De 25 a 29 | B38: =B12-B25 -> 14 | C38: =C12-C25 -> 0 | D38: =D12-D25 -> 0 | E38: =E12-E25 -> 14
A39: De 30 a 34 | B39: =B13-B26 -> 12 | C39: =C13-C26 -> 0 | D39: =D13-D26 -> 0 | E39: =E13-E26 -> 12
A40: De 35 a 39 | B40: =B14-B27 -> 18 | C40: =C14-C27 -> 0 | D40: =D14-D27 -> 0 | E40: =E14-E27 -> 18
A41: De 40 a 44 | B41: =B15-B28 -> 19 | C41: =C15-C28 -> 0 | D41: =D15-D28 -> 0 | E41: =E15-E28 -> 19
A42: De 45 a 49 | B42: =B16-B29 -> 20 | C42: =C16-C29 -> 0 | D42: =D16-D29 -> 0 | E42: =E16-E29 -> 20
A43: De 50 a 54 | B43: =B17-B30 -> 13 | C43: =C17-C30 -> 0 | D43: =D17-D30 -> 0 | E43: =E17-E30 -> 13
A44: De 55 a 59 | B44: =B18-B31 -> 24 | C44: =C18-C31 -> 0 | D44: =D18-D31 -> 0 | E44: =E18-E31 -> 24
A45: De 60 a 64 | B45: =B19-B32 -> 11 | C45: =C19-C32 -> 0 | D45: =D19-D32 -> 0 | E45: =E19-E32 -> 11
A46: 65 o más años | B46: =B20-B33 -> 1 | C46: =C20-C33 -> 0 | D46: =D20-D33 -> 0 | E46: =E20-E33 -> 1
A47: No consta | B47: =B21-B34 -> 1 | C47: =C21-C34 -> 0 | D47: =D21-D34 -> 0 | E47: =E21-E34 -> 1

Sheet ATR-A4
A1: ACCIDENTES DE TRABAJO | F1: Volver al índice
A3: ATR-A4. ACCIDENTES DE TRABAJO CON BAJA, EN JORNADA , SEGÚN GRAVEDAD,
A4: POR GRANDES GRUPOS DE OCUPACIÓN
A6: enero-agosto 2021
B8: Leves | C8: Graves | D8: Mortales | E8: TOTAL
A9: TOTAL | B9: =SUM(B11:B26) -> 2738 | C9: =SUM(C11:C26) -> 27 | D9: =SUM(D11:D26) -> 4 | E9: =SUM(B9:D9) -> 2769
A11: A- Directores y gerentes | B11: 14 | C11: 1 | D11: 1 | E11: =SUM(B11:D11) -> 16
A12: B- Técnicos y profesionales científicos e intelectuales de la salud y la enseñanza | B12: 80 | C12: 0 | D12: 0 | E12: =SUM(B12:D12) -> 80
A13: C- Otros técnicos y profesionales científicos e intelectuales | B13: 15 | C13: 1 | D13: 0 | E13: =SUM(B13:D13) -> 16
A14: D- Técnicos y profesionales de apoyo | B14: 117 | C14: 0 | D14: 0 | E14: =SUM(B14:D14) -> 117
A15: E- Empleados de oficina que no atienden al público | B15: 26 | C15: 0 | D15: 0 | E15: =SUM(B15:D15) -> 26
A16: F- Empleados de oficina que atienden al público | B16: 22 | C16: 0 | D16: 0 | E16: =SUM(B16:D16) -> 22
A17: G- Trabajadores de los servicios de restauración y comercio | B17: 211 | C17: 0 | D17: 0 | E17: =SUM(B17:D17) -> 211
A18: H- Trabajadores cualificados en el sector agrícola, ganadero, forestal y pesquero | B18: 225 | C18: 0 | D18: 0 | E18: =SUM(B18:D18) -> 225
A19: I- Trabajadores de los servicios de protección y seguridad | B19: 38 | C19: 1 | D19: 0 | E19: =SUM(B19:D19) -> 39
A20: J- Trabajadores cualificados en el sector agrícola, ganadero, forestal y pesquero | B20: 79 | C20: 1 | D20: 0 | E20: =SUM(B20:D20) -> 80
A21: K- Trabajadores cualificados de la construcción, excepto operadores de máquinas | B21: 280 | C21: 6 | D21: 0 | E21: =SUM(B21:D21) -> 286
A22: L- Trabajadores cualificados de las industrias manufactureras, excepto operadores de instalaciones y máquinas | B22: 563 | C22: 5 | D22: 0 | E22: =SUM(B22:D22) -> 568
... A27: Q- Ocupaciones militares | B27: 0 | C27: 0 | D27: 0 | E27: =SUM(B27:D27) -> 0

Sheet ATR-A4_II
A1: ACCIDENTES DE TRABAJO | F1: Volver al índice
A3: ATR-A4__II. ACCIDENTES DE TRABAJO CON BAJA, IN ITINERE, SEGÚN GRAVEDAD,
A4: POR GRANDES GRUPOS DE OCUPACIÓN
A6: enero-agosto 2021
B8: Leves | C8: Graves | D8: Mortales | E8: TOTAL
A9: TOTAL | B9: =SUM(B10:B25) -> 260 | C9: =SUM(C11:C25) -> 1 | D9: =SUM(D11:D25) -> 1 | E9: =SUM(B9:D9) -> 262
A10: A- Directores y gerentes | B10: 7 | C10: 0 | D10: 0 | E10: =SUM(B10:D10) -> 7
A11: B- Técnicos y profesionales científicos e intelectuales de la salud y la enseñanza | B11: 18 | C11: 0 | D11: 0 | E11: =SUM(B11:D11) -> 18
A12: C- Otros técnicos y profesionales científicos e intelectuales | B12: 3 | C12: 0 | D12: 0 | E12: =SUM(B12:D12) -> 3
A13: D- Técnicos y profesionales de apoyo | B13: 9 | C13: 0 | D13: 0 | E13: =SUM(B13:D13) -> 9
A14: E- Empleados de oficina que no atienden al público | B14: 12 | C14: 0 | D14: 0 | E14: =SUM(B14:D14) -> 12
A15: F- Empleados de oficina que atienden al público | B15: 7 | C15: 0 | D15: 0 | E15: =SUM(B15:D15) -> 7
A16: G- Trabajadores de los servicios de restauración y comercio | B16: 33 | C16: 0 | D16: 0 | E16: =SUM(B16:D16) -> 33
A17: H- Trabajadores cualificados en el sector agrícola, ganadero, forestal y pesquero | B17: 29 | C17: 0 | D17: 0 | E17: =SUM(B17:D17) -> 29
A18: I- Trabajadores de los servicios de protección y seguridad | B18: 4 | C18: 0 | D18: 0 | E18: =SUM(B18:D18) -> 4
A19: J- Trabajadores cualificados en el sector agrícola, ganadero, forestal y pesquero | B19: 3 | C19: 0 | D19: 0 | E19: =SUM(B19:D19) -> 3
A20: K- Trabajadores cualificados de la construcción, excepto operadores de máquinas | B20: 8 | C20: 0 | D20: 0 | E20: =SUM(B20:D20) -> 8
A21: L- Trabajadores cualificados de las industrias manufactureras, excepto operadores de instalaciones y máquinas | B21: 56 | C21: 0 | D21: 1 | E21: =SUM(B21:D21) -> 57
... A25: P- Peones de la agricultura, pesca, construcción, industrias manufactureras y transportes | B25: 29 | C25: 1 | D25: 0 | E25: =SUM(B25:D25) -> 30
A26: Se incluyen los accidentes que han causado baja en el periodo de referencia, recepcionados por la Autoridad Laboral Provincial (véanse Fuentes y Notas Explicativas). | B26: 0 | C26: 0

Sheet ATR-A5
A1: ACCIDENTES DE TRABAJO | F1: Volver al índice
A3: ATR-A5. ACCIDENTES DE TRABAJO CON BAJA, EN JORNADA, SEGÚN GRAVEDAD,
A4: POR TIPO DE LUGAR DONDE SE ENCONTRABA EL TRABAJADOR ACCIDENTADO
A6: enero-agosto 2021
B8: Leves | C8: Graves | D8: Mortales | E8: TOTAL
A9: TOTAL | B9: =SUM(B12:B14) -> 2738 | C9: =SUM(C12:C14) -> 27 | D9: =SUM(D12:D14) -> 4 | E9: =SUM(B9:D9) -> 2769
A11: TIPO DE LUGAR GENERAL
A12: En centro habitual | B12: 2472 | C12: 19 | D12: 2 | E12: =SUM(B12:D12) -> 2493
A13: En desplazamiento | B13: 127 | C13: 3 | D13: 2 | E13: =SUM(B13:D13) -> 132
A14: En otro centro | B14: 139 | C14: 5 | D14: 0 | E14: =SUM(B14:D14) -> 144
A16: TIPO DE LUGAR DETALLADO
A17: 000.- Ninguna información | B17: 5 | C17: 0 | D17: 0 | E17: =SUM(B17:D17) -> 5
A18: 011.- Lugar de producción, taller, fábrica | B18: 985 | C18: 12 | D18: 0 | E18: =SUM(B18:D18) -> 997
A19: 012.- Área de mantenimiento, taller de reparación | B19: 87 | C19: 1 | D19: 0 | E19: =SUM(B19:D19) -> 88
A20: 013.- Áreas destinadas principalmente a almacenamiento, carga, descarga | B20: 240 | C20: 1 | D20: 0 | E20: =SUM(B20:D20) -> 241
A21: 019.- Otros Tipos de lugar conocidos del grupo 010, pero no mencionados anteriormente | B21: 31 | C21: 1 | D21: 0 | E21: =SUM(B21:D21) -> 32
A22: 021.- Obras (edificio en construcción) | B22: 180 | C22: 2 | D22: 0 | E22: =SUM(B22:D22) -> 182
A23: 022.- Obras (edificio en demolición, renovación o mantenimiento) | B23: 51 | C23: 1 | D23: 0 | E23: =SUM(B23:D23) -> 52
A24: 023.- Cantera, mina a cielo abierto, excavación, zanja (incluidas las minas a cielo abierto y la canteras en explotación) | B24: 10 | C24: 0 | D24: 0 | E24: =SUM(B24:D24) -> 10
A25: 024.- Obras subterráneas | B25: 1 | C25: 0 | D25: 0 | E25: =SUM(B25:D25) -> 1
A26: 029.- Otros tipos de lugar conocidos del grupo 020, pero no mencionados anteriormente | B26: 17 | C26: 0 | D26: 0 | E26: =SUM(B26:D26) -> 17
A27: 031.- Lugares de cría de animales | B27: 17 | C27: 0 | D27: 0 | E27: =SUM(B27:D27) -> 17
A28: 032.- Lugares agrícolas (cultivo del suelo) | B28: 44 | C28: 2 | D28: 0 | E28: =SUM(B28:D28) -> 46
... A50: 091.- Elevados en una superficie fija (tejados, terrazas, etc.) | B50: 2 | C50: 0 | D50: 0 | E50: =SUM(B50:D50) -> 2

Sheet ATR-A5_II
A1: ACCIDENTES DE TRABAJO | F1: Volver al índice
A3: ATR-A5_II. ACCIDENTES DE TRABAJO CON BAJA, IN ITINERE, SEGÚN GRAVEDAD,
A4: POR TIPO DE LUGAR DONDE SE ENCONTRABA EL TRABAJADOR ACCIDENTADO
A6: enero-agosto 2021
B8: Leves | C8: Graves | D8: Mortales | E8: TOTAL
A9: TOTAL | B9: =SUM(B12:B30) -> 260 | C9: =SUM(C12:C30) -> 1 | D9: =SUM(D12:D30) -> 1 | E9: =SUM(E12:E30) -> 262
A11: TIPO DE LUGAR DETALLADO
A12: 011.- Lugar de producción, taller, fábrica | B12: 9 | C12: 0 | D12: 0 | E12: =SUM(B12:D12) -> 9
A13: 013.- Áreas destinadas principalmente a almacenamiento, carga, descarga | B13: 1 | C13: 0 | D13: 0 | E13: =SUM(B13:D13) -> 1
A14: 019.- Otros Tipos de lugar conocidos del grupo 010, pero no mencionados anteriormente | B14: 8 | C14: 1 | D14: 0 | E14: =SUM(B14:D14) -> 9
A15: 029.- Otros tipos de lugar conocidos del grupo 020, pero no mencionados anteriormente | B15: 1 | C15: 0 | D15: 0 | E15: =SUM(B15:D15) -> 1
A16: 043.- Lugares de venta, pequeños o grandes (incluida la venta ambulante) | B16: 5 | C16: 0 | D16: 0 | E16: =SUM(B16:D16) -> 5
A17: 051.- Centros sanitarios, clínicas, hospitales, guarderías | B17: 1 | C17: 0 | D17: 0 | E17: =SUM(B17:D17) -> 1
A18: 061.- Lugares abiertos permanentemente al público (vías de acceso, de circulación, zona de estacionamiento, sala de espera de estación aeropuerto, etc.) | B18: 141 | C18: 0 | D18: 0 | E18: =SUM(B18:D18) -> 141
A19: 062.- Medio de transporte. Terrestre, carretera o ferrocarril.Privado o público (sea cual fuere tren, autobús, automóvil, etc.) | B19: 69 | C19: 0 | D19: 0 | E19: =SUM(B19:D19) -> 69
A20: 063.- Zona aneja a lugares públicos con acceso reservado al personal autorizado (vía de ferrocarril, pavimento de aeródromo, arcén de autopista) | B20: 1 | C20: 0 | D20: 0 | E20: =SUM(B20:D20) -> 1
A21: 069.- Otros Tipos de lugar conocidos del grupo 060, pero no mencionados anteriormente | B21: 7 | C21: 0 | D21: 0 | E21: =SUM(B21:D21) -> 7
A22: 071.- Domicilio privado | B22: 6 | C22: 0 | D22: 0 | E22: =SUM(B22:D22) -> 6
A23: 072.- Partes comunes, anexos, jardines colindantes privados | B23: 4 | C23: 0 | D23: 1 | E23: =SUM(B23:D23) -> 5
... A27: 999.- Otros Tipos de lugar no codificados en esta clasificación | B27: 3 | C27: 0 | D27: 0 | E27: =SUM(B27:D27) -> 3

Sheet ATR-A6
A1: ACCIDENTES DE TRABAJO | F1: Volver al índice
A3: ATR-A6. ACCIDENTES DE TRABAJO CON BAJA, EN JORNADA, SEGÚN GRAVEDAD,
A4: POR ACTIVIDAD FÍSICA QUE REALIZABA EL TRABAJADOR ACCIDENTADO
A6: enero-agosto 2021
B8: Leves | C8: Graves | D8: Mortales | E8: TOTAL
A9: TOTAL | B9: =SUM(B11:B59) -> 2738 | C9: =SUM(C11:C59) -> 27 | D9: =SUM(D11:D59) -> 4 | E9: =SUM(E11:E59) -> 2769
A11: 00.- Ninguna información | B11: 5 | C11: 0 | D11: 0 | E11: =SUM(B11:D11) -> 5
A12: 11.- Arrancar la máquina, parar la máquina | B12: 13 | C12: 0 | D12: 0 | E12: =SUM(B12:D12) -> 13
A13: 12.- Alimentar la máquina, vaciar la máquina | B13: 52 | C13: 0 | D13: 0 | E13: =SUM(B13:D13) -> 52
A14: 13.- Vigilar la máquina, hacer funcionar - conducir la máquina | B14: 55 | C14: 2 | D14: 0 | E14: =SUM(B14:D14) -> 57
A15: 19.- Otra actividad física específica conocida del grupo 10 pero no mencionada anteriormente | B15: 55 | C15: 0 | D15: 0 | E15: =SUM(B15:D15) -> 55
A16: 21.- Trabajar con herramientas manuales sin motor | B16: 278 | C16: 5 | D16: 1 | E16: =SUM(B16:D16) -> 284
A17: 22.- Trabajar con herramientas manuales con motor | B17: 83 | C17: 0 | D17: 0 | E17: =SUM(B17:D17) -> 83
A18: 29.- Otra actividad física específica conocida del grupo 20 pero no mencionada anteriormente | B18: 20 | C18: 0 | D18: 0 | E18: =SUM(B18:D18) -> 20
A19: 31.- Conducir un medio de transporte o un equipo de carga - móvil y con motor | B19: 75 | C19: 3 | D19: 2 | E19: =SUM(B19:D19) -> 80
A20: 32.- Conducir un medio de transporte o un equipo de carga - móvil y sin motor | B20: 12 | C20: 0 | D20: 0 | E20: =SUM(B20:D20) -> 12
A21: 33.- Ser pasajero a bordo de un medio de transporte | B21: 5 | C21: 0 | D21: 0 | E21: =SUM(B21:D21) -> 5
A22: 39.- Otra actividad física específica conocida del grupo 30 pero no mencionada anteriormente | B22: 7 | C22: 1 | D22: 0 | E22: =SUM(B22:D22) -> 8
... A43: 99.- Otra actividad física específica no codificada en esta clasificac | B43: 13 | C43: 2 | D43: 0 | E43: =SUM(B43:D43) -> 15

Sheet ATR-A6_II
A1: ACCIDENTES DE TRABAJO | F1: Volver al índice
A3: ATR-A6_II. ACCIDENTES DE TRABAJO CON BAJA, IN ITINERE, SEGÚN GRAVEDAD,
A4: POR ACTIVIDAD FÍSICA QUE REALIZABA EL TRABAJADOR ACCIDENTADO
A6: enero-agosto 2021
B8: Leves | C8: Graves | D8: Mortales | E8: TOTAL
A9: TOTAL | B9: =SUM(B11:B26) -> 260 | C9: =SUM(C11:C26) -> 1 | D9: =SUM(D11:D26) -> 1 | E9: =SUM(E11:E26) -> 262
A11: 00.- Ninguna información | B11: 3 | C11: 0 | D11: 0 | E11: =SUM(B11:D11) -> 3
A12: 13.- Vigilar la máquina, hacer funcionar - conducir la máquina | B12: 1 | C12: 0 | D12: 0 | E12: =SUM(B12:D12) -> 1
A13: 31.- Conducir un medio de transporte o un equipo de carga - móvil y con motor | B13: 108 | C13: 1 | D13: 0 | E13: =SUM(B13:D13) -> 109
A14: 32.- Conducir un medio de transporte o un equipo de carga - móvil y sin motor | B14: 17 | C14: 0 | D14: 0 | E14: =SUM(B14:D14) -> 17
A15: 33.- Ser pasajero a bordo de un medio de transporte | B15: 16 | C15: 0 | D15: 0 | E15: =SUM(B15:D15) -> 16
A16: 39.- Otra actividad física específica conocida del grupo 30 pero no mencionada anteriormente | B16: 2 | C16: 0 | D16: 0 | E16: =SUM(B16:D16) -> 2
A17: 41.- Coger con la mano, agarrar, asir, sujetar en la mano, poner - en un plano horizontal | B17: 2 | C17: 0 | D17: 0 | E17: =SUM(B17:D17) -> 2
A18: 45.- Abrir, cerrar (una caja, un embalaje, un paquete) | B18: 1 | C18: 0 | D18: 0 | E18: =SUM(B18:D18) -> 1
A19: 49.- Otra actividad física específica conocida del grupo 40 pero no mencionada anteriormente | B19: 1 | C19: 0 | D19: 0 | E19: =SUM(B19:D19) -> 1
A20: 59.- Otra actividad física específica conocida del grupo 50 pero no mencionada anteriormente | B20: 1 | C20: 0 | D20: 0 | E20: =SUM(B20:D20) -> 1
A21: 61.- Andar, correr, subir, bajar, etc | B21: 77 | C21: 0 | D21: 0 | E21: =SUM(B21:D21) -> 77
A22: 62.- Entrar, salir | B22: 11 | C22: 0 | D22: 0 | E22: =SUM(B22:D22) -> 11
... A26: 99.- Otra actividad física específica no codificada en esta clasificac | B26: 1 | C26: 0 | D26: 0 | E26: =SUM(B26:D26) -> 1

Sheet ATR-A7
A1: ACCIDENTES DE TRABAJO | F1: Volver al índice
A3: ATR-A7. ACCIDENTES DE TRABAJO CON BAJA, EN JORNADA, SEGÚN GRAVEDAD,
A4: POR DESVIACIÓN QUE PRODUJO EL ACCIDENTE
A6: enero-agosto 2021
B8: Leves | C8: Graves | D8: Mortales | E8: TOTAL
A9: TOTAL | B9: =SUM(B11:B56) -> 2738 | C9: =SUM(C11:C56) -> 27 | D9: =SUM(D11:D56) -> 4 | E9: =SUM(E11:E56) -> 2769
A11: 00.- Ninguna información | B11: 24 | C11: 3 | D11: 0 | E11: =SUM(B11:D11) -> 27
A12: 11.- Problema eléctrico causado por fallo en la instalación-que da lugar a un contacto indirecto | B12: 1 | C12: 0 | D12: 0 | E12: =SUM(B12:D12) -> 1
A13: 12.- Problema eléctrico-que da lugar a un contacto directo | B13: 2 | C13: 0 | D13: 0 | E13: =SUM(B13:D13) -> 2
A14: 13.- Explosión | B14: 2 | C14: 1 | D14: 0 | E14: =SUM(B14:D14) -> 3
A15: 14.- Incendio, fuego | B15: 2 | C15: 0 | D15: 0 | E15: =SUM(B15:D15) -> 2
A16: 19.- Otra desviación conocida del grupo 10 pero no mencionada anteriormente | B16: 21 | C16: 1 | D16: 0 | E16: =SUM(B16:D16) -> 22
A17: 21.- En estado de sólido-desbordamiento, vuelco | B17: 5 | C17: 0 | D17: 0 | E17: =SUM(B17:D17) -> 5
A18: 22.- En estado líquido-escape, rezumamiento, derrame, salpicadura, aspersión | B18: 23 | C18: 0 | D18: 0 | E18: =SUM(B18:D18) -> 23
A19: 23.- En estado gaseoso-vaporización, formación de aerosoles, formación de gases | B19: 1 | C19: 0 | D19: 0 | E19: =SUM(B19:D19) -> 1
A20: 24.- Pulverulento-emanación de humos, emisión de polvo, partículas | B20: 88 | C20: 1 | D20: 0 | E20: =SUM(B20:D20) -> 89
A21: 29.- Otra desviación conocida del grupo 20 pero no mencionada anteriormente | B21: 5 | C21: 0 | D21: 0 | E21: =SUM(B21:D21) -> 5
A22: 31.- Rotura de material, en las juntas, en las conexiones | B22: 14 | C22: 0 | D22: 0 | E22: =SUM(B22:D22) -> 14
... A53: 99.- Otra Desviación no codificada en esta clasificación | B53: 17 | C53: 0 | D53: 3 | E53: =SUM(B53:D53) -> 20

Sheet ATR-A7_II
A1: ACCIDENTES DE TRABAJO | F1: Volver al índice
A3: ATR-A7_II. ACCIDENTES DE TRABAJO CON BAJA,IN ITINERE, SEGÚN GRAVEDAD,
A4: POR DESVIACIÓN QUE PRODUJO EL ACCIDENTE
A6: enero-agosto 2021
B8: Leves | C8: Graves | D8: Mortales | E8: TOTAL
A9: TOTAL | B9: =SUM(B11:B50) -> 260 | C9: =SUM(C11:C50) -> 1 | D9: =SUM(D11:D50) -> 1 | E9: =SUM(E11:E50) -> 262
A11: 00.- Ninguna información | B11: 3 | C11: 0 | D11: 0 | E11: =SUM(B11:D11) -> 3
A12: 31.- Rotura de material, en las juntas, en las conexiones | B12: 3 | C12: 0 | D12: 0 | E12: =SUM(B12:D12) -> 3
A13: 32.- Rotura, estallido, en fragmentos (madera, cristal, metal, piedra, plástico, otros) | B13: 2 | C13: 0 | D13: 0 | E13: =SUM(B13:D13) -> 2
A14: 34.- Resbalón, caída, derrumbamiento de agente material-inferior (que arrastra a la víctima) | B14: 4 | C14: 0 | D14: 0 | E14: =SUM(B14:D14) -> 4
A15: 35.- Resbalón, caída, derrumbamiento de agente material-al mismo nivel | B15: 3 | C15: 0 | D15: 0 | E15: =SUM(B15:D15) -> 3
A16: 39.- Otra desviación conocida del grupo 30 pero no mencionada anteriormente | B16: 1 | C16: 0 | D16: 0 | E16: =SUM(B16:D16) -> 1
A17: 41.- Pérdida (total o parcial) de control-de máquina (incluido el arranque intempestivo), así como de la materia sobre la que se trabaje con la máquina | B17: 2 | C17: 0 | D17: 0 | E17: =SUM(B17:D17) -> 2
A18: 42.- Pérdida (total o parcial) de control-de medio de transporte-de equipo de carga (con motor o sin él) | B18: 80 | C18: 0 | D18: 0 | E18: =SUM(B18:D18) -> 80
A19: 43.- Pérdida (total o parcial) de control-de herramienta manual (con motor o sin él), así como de la materia sobre la que se trabaje con la herramienta | B19: 2 | C19: 1 | D19: 0 | E19: =SUM(B19:D19) -> 3
A20: 44.- Pérdida (total o parcial) de control-de objeto (transportado, desplazado, manipulado, etc) | B20: 7 | C20: 0 | D20: 0 | E20: =SUM(B20:D20) -> 7
A21: 49.- Otra desviación conocida del grupo 40 pero no mencionada anteriormente | B21: 7 | C21: 0 | D21: 0 | E21: =SUM(B21:D21) -> 7
A22: 51.- Caída de una persona-desde una altura | B22: 4 | C22: 0 | D22: 0 | E22: =SUM(B22:D22) -> 4
... A39: 99.- Otra Desviación no codificada en esta clasificación | B39: 9 | C39: 0 | D39: 1 | E39: =SUM(B39:D39) -> 10

Sheet ATR-A8
A1: ACCIDENTES DE TRABAJO | F1: Volver al índice
A3: ATR-A8. ACCIDENTES DE TRABAJO CON BAJA, EN JORNADA, SEGÚN GRAVEDAD,
A4: POR FORMA O CONTACTO QUE PRODUJO LA LESIÓN
A6: enero-agosto 2021
B8: Leves | C8: Graves | D8: Mortales | E8: TOTAL
A9: TOTAL | B9: =SUM(B11:B50) -> 2738 | C9: =SUM(C11:C50) -> 27 | D9: =SUM(D11:D50) -> 4 | E9: =SUM(E11:E50) -> 2769
A11: 00.- Ninguna información | B11: 5 | C11: 1 | D11: 0 | E11: =SUM(B11:D11) -> 6
A12: 11.- Contacto indirecto con un arco eléctrico, rayo (pasivo) | B12: 1 | C12: 0 | D12: 0 | E12: =SUM(B12:D12) -> 1
A13: 12.- Contacto directo con la electricidad, recibir una descarga eléctrica en el cuerpo | B13: 4 | C13: 0 | D13: 0 | E13: =SUM(B13:D13) -> 4
A14: 13.- Contacto con llamas directas u objetos o entornos-con elevada temperatura o en llamas | B14: 20 | C14: 1 | D14: 0 | E14: =SUM(B14:D14) -> 21
A15: 15.- Contacto con sustancias peligrosas-a través de la nariz, la boca, por inhalación | B15: 84 | C15: 0 | D15: 0 | E15: =SUM(B15:D15) -> 84
A16: 16.- Contacto con sustancias peligrosas-sobre o a través de la piel y de los ojos | B16: 37 | C16: 0 | D16: 0 | E16: =SUM(B16:D16) -> 37
A17: 19.- Otro contacto-Tipo de lesión conocido del grupo 10 pero no mencionado anteriormente | B17: 9 | C17: 0 | D17: 0 | E17: =SUM(B17:D17) -> 9
A18: 23.- Envuelto por, rodeado de gases o de partículas en suspensión | B18: 1 | C18: 0 | D18: 0 | E18: =SUM(B18:D18) -> 1
A19: 31.- Aplastamiento sobre o contra, resultado de una caída | B19: 388 | C19: 7 | D19: 0 | E19: =SUM(B19:D19) -> 395
A20: 32.- Aplastamiento sobre o contra, resultado de un tropiezo o choque contra un objeto inmóvil | B20: 202 | C20: 1 | D20: 0 | E20: =SUM(B20:D20) -> 203
A21: 39.- Otro contacto-Tipo de lesión conocido del grupo 30 pero no mencionado anteriormente | B21: 70 | C21: 0 | D21: 0 | E21: =SUM(B21:D21) -> 70
A22: 41.- Choque o golpe contra un objeto-proyectado | B22: 38 | C22: 2 | D22: 0 | E22: =SUM(B22:D22) -> 40
... A46: 99.- Otro contacto-Tipo de lesión no codificado en la presente clasificación | B46: 4 | C46: 0 | D46: 0 | E46: =SUM(B46:D46) -> 4

Sheet ATR-A8_II
A1: ACCIDENTES DE TRABAJO | F1: Volver al índice
A3: ATR-A8_II. ACCIDENTES DE TRABAJO CON BAJA, IN ITINERE, SEGÚN GRAVEDAD,
A4: POR FORMA O CONTACTO QUE PRODUJO LA LESIÓN
A6: enero-agosto 2021
B8: Leves | C8: Graves | D8: Mortales | E8: TOTAL
A9: TOTAL | B9: =SUM(B11:B31) -> 260 | C9: =SUM(C11:C31) -> 1 | D9: =SUM(D11:D31) -> 1 | E9: =SUM(E11:E31) -> 262
A11: 00.- Ninguna información | B11: 1 | C11: 0 | D11: 0 | E11: =SUM(B11:D11) -> 1
A12: 31.- Aplastamiento sobre o contra, resultado de una caída | B12: 78 | C12: 0 | D12: 0 | E12: =SUM(B12:D12) -> 78
A13: 32.- Aplastamiento sobre o contra, resultado de un tropiezo o choque contra un objeto inmóvil | B13: 19 | C13: 0 | D13: 0 | E13: =SUM(B13:D13) -> 19
A14: 39.- Otro contacto-Tipo de lesión conocido del grupo 30 pero no mencionado anteriormente | B14: 10 | C14: 0 | D14: 0 | E14: =SUM(B14:D14) -> 10
A15: 41.- Choque o golpe contra un objeto-proyectado | B15: 2 | C15: 0 | D15: 0 | E15: =SUM(B15:D15) -> 2
A16: 42.- Choque o golpe contra un objeto-que cae | B16: 2 | C16: 0 | D16: 0 | E16: =SUM(B16:D16) -> 2
A17: 44.- Choque o golpe contra un objeto (incluidos los vehículos)-en movimiento | B17: 73 | C17: 0 | D17: 0 | E17: =SUM(B17:D17) -> 73
A18: 45.- Colisión con un objeto (incluidos los vehículos)-colisión con una persona (la víctima está en movimiento) | B18: 51 | C18: 1 | D18: 0 | E18: =SUM(B18:D18) -> 52
A19: 49.- Otro contacto-Tipo de lesión conocido del grupo 40 pero no mencionado anteriormente | B19: 5 | C19: 0 | D19: 0 | E19: =SUM(B19:D19) -> 5
A20: 59.- Otro contacto-Tipo de lesión conocido del grupo 50 pero no mencionado anteriormente | B20: 1 | C20: 0 | D20: 0 | E20: =SUM(B20:D20) -> 1
A21: 63.- Quedar atrapado, ser aplastado-entre | B21: 1 | C21: 0 | D21: 0 | E21: =SUM(B21:D21) -> 1
A22: 71.- Sobreesfuerzo físico-sobre el sistema musculoesquelético | B22: 14 | C22: 0 | D22: 0 | E22: =SUM(B22:D22) -> 14
... A25: 90.- Infartos, derrames cerebrales y otras patologías no traumáticas | B25: 1 | C25: 0 | D25: 1 | E25: =SUM(B25:D25) -> 2

Sheet ATR-A9
A1: ACCIDENTES DE TRABAJO | F1: Volver al índice
A3: ATR-A9. ACCIDENTES DE TRABAJO CON BAJA, EN JORNADA, SEGÚN GRAVEDAD,
A4: POR DESCRIPCIÓN DE LA LESIÓN
A6: enero-agosto 2021
B7: EN JORNADA
B8: Leves | C8: Graves | D8: Mortales | E8: TOTAL
A9: TOTAL | B9: =SUM(B11:B42) -> 2738 | C9: =SUM(C11:C42) -> 27 | D9: =SUM(D11:D42) -> 4 | E9: =SUM(E11:E42) -> 2769
A11: 000.- Tipo de lesión desconocida o sin especificar | B11: 70 | C11: 1 | D11: 0 | E11: =SUM(B11:D11) -> 71
A12: 011.- Lesiones superficiales | B12: 332 | C12: 0 | D12: 0 | E12: =SUM(B12:D12) -> 332
A13: 012.- Heridas abiertas | B13: 303 | C13: 3 | D13: 0 | E13: =SUM(B13:D13) -> 306
A14: 019.- Otros tipos de heridas y lesiones superficiales | B14: 397 | C14: 0 | D14: 0 | E14: =SUM(B14:D14) -> 397
A15: 021.- Fracturas cerradas | B15: 123 | C15: 3 | D15: 0 | E15: =SUM(B15:D15) -> 126
A16: 022.- Fracturas abiertas | B16: 10 | C16: 3 | D16: 0 | E16: =SUM(B16:D16) -> 13
A17: 029.- Otros tipos de fracturas de huesos | B17: 23 | C17: 1 | D17: 0 | E17: =SUM(B17:D17) -> 24
A18: 031.- Dislocaciones y subluxaciones | B18: 173 | C18: 0 | D18: 0 | E18: =SUM(B18:D18) -> 173
A19: 032.- Esguinces y torceduras | B19: 526 | C19: 1 | D19: 0 | E19: =SUM(B19:D19) -> 527
A20: 039.- Otros tipos de dislocaciones, esguinces y torceduras | B20: 305 | C20: 0 | D20: 0 | E20: =SUM(B20:D20) -> 305
A21: 040.- Amputaciones traumáticas (pérdida de partes del cuerpo) | B21: 8 | C21: 5 | D21: 0 | E21: =SUM(B21:D21) -> 13
A22: 051.- Conmociones y lesiones intracraneales | B22: 3 | C22: 0 | D22: 0 | E22: =SUM(B22:D22) -> 3
... A39: 999.- Otras lesiones especificadas no incluidas en otros apartados | B39: 34 | C39: 0 | D39: 0 | E39: =SUM(B39:D39) -> 34

Sheet ATR-A9_II
A1: ACCIDENTES DE TRABAJO | F1: Volver al índice
A3: ATR-A9_II. ACCIDENTES DE TRABAJO CON BAJA, IN ITINERE, SEGÚN GRAVEDAD,
A4: POR DESCRIPCIÓN DE LA LESIÓN
A6: enero-agosto 2021
B8: Leves | C8: Graves | D8: Mortales | E8: TOTAL
A9: TOTAL | B9: =SUM(B11:B28) -> 260 | C9: =SUM(C11:C28) -> 1 | D9: =SUM(D11:D28) -> 1 | E9: =SUM(E11:E28) -> 262
A11: 000.- Tipo de lesión desconocida o sin especificar | B11: 11 | C11: 0 | D11: 0 | E11: =SUM(B11:D11) -> 11
A12: 011.- Lesiones superficiales | B12: 26 | C12: 0 | D12: 0 | E12: =SUM(B12:D12) -> 26
A13: 012.- Heridas abiertas | B13: 7 | C13: 1 | D13: 0 | E13: =SUM(B13:D13) -> 8
A14: 019.- Otros tipos de heridas y lesiones superficiales | B14: 43 | C14: 0 | D14: 0 | E14: =SUM(B14:D14) -> 43
A15: 021.- Fracturas cerradas | B15: 23 | C15: 0 | D15: 0 | E15: =SUM(B15:D15) -> 23
A16: 022.- Fracturas abiertas | B16: 1 | C16: 0 | D16: 0 | E16: =SUM(B16:D16) -> 1
A17: 029.- Otros tipos de fracturas de huesos | B17: 4 | C17: 0 | D17: 0 | E17: =SUM(B17:D17) -> 4
A18: 031.- Dislocaciones y subluxaciones | B18: 15 | C18: 0 | D18: 0 | E18: =SUM(B18:D18) -> 15
A19: 032.- Esguinces y torceduras | B19: 52 | C19: 0 | D19: 0 | E19: =SUM(B19:D19) -> 52
A20: 039.- Otros tipos de dislocaciones, esguinces y torceduras | B20: 31 | C20: 0 | D20: 0 | E20: =SUM(B20:D20) -> 31
A21: 051.- Conmociones y lesiones intracraneales | B21: 1 | C21: 0 | D21: 0 | E21: =SUM(B21:D21) -> 1
A22: 052.- Lesiones internas | B22: 22 | C22: 0 | D22: 0 | E22: =SUM(B22:D22) -> 22
... A28: 999.- Otras lesiones especificadas no incluidas en otros apartados | B28: 3 | C28: 0 | D28: 0 | E28: =SUM(B28:D28) -> 3

Sheet ATR-A10
A1: ACCIDENTES DE TRABAJO | F1: Volver al índice
A3: ATR-A10. ACCIDENTES DE TRABAJO CON BAJA, EN JORNADA, SEGÚN GRAVEDAD,
A4: POR PARTE DEL CUERPO LESIONADA
A6: enero-agosto 2021
B8: Leves | C8: Graves | D8: Mortales | E8: TOTAL
A9: TOTAL | B9: =SUM(B11:B45) -> 2738 | C9: =SUM(C11:C45) -> 27 | D9: =SUM(D11:D45) -> 4 | E9: =SUM(E11:E45) -> 2769
A11: 00.- Parte del cuerpo afectada, sin especificar | B11: 0 | C11: 1 | D11: 0 | E11: =SUM(B11:D11) -> 1
A12: 11.- Cabeza (Caput), cerebro, nervios craneanos y vasos cerebrales | B12: 10 | C12: 2 | D12: 0 | E12: =SUM(B12:D12) -> 12
A13: 12.- Zona facial | B13: 31 | C13: 0 | D13: 0 | E13: =SUM(B13:D13) -> 31
A14: 13.- Ojo(s) | B14: 63 | C14: 5 | D14: 0 | E14: =SUM(B14:D14) -> 68
A15: 14.- Oreja(s) | B15: 1 | C15: 0 | D15: 0 | E15: =SUM(B15:D15) -> 1
A16: 18.- Cabeza, múltiples partes afectadas | B16: 5 | C16: 0 | D16: 0 | E16: =SUM(B16:D16) -> 5
A17: 19.- Cabeza, otras partes no mencionadas anteriormente | B17: 29 | C17: 2 | D17: 0 | E17: =SUM(B17:D17) -> 31
A18: 21.- Cuello, incluida la columna y las vértebras del cuello | B18: 46 | C18: 0 | D18: 0 | E18: =SUM(B18:D18) -> 46
A19: 29.- Cuello, otras partes no mencionadas anteriormente | B19: 13 | C19: 0 | D19: 0 | E19: =SUM(B19:D19) -> 13
A20: 31.- Espalda, incluida la columna y las vértebras de la espalda | B20: 318 | C20: 1 | D20: 0 | E20: =SUM(B20:D20) -> 319
A21: 39.- Espalda, otras partes no mencionadas anteriormente | B21: 132 | C21: 0 | D21: 0 | E21: =SUM(B21:D21) -> 132
A22: 41.- Caja torácica, costillas, incluidos omoplatos y articulaciones acromioclaviculares | B22: 83 | C22: 0 | D22: 0 | E22: =SUM(B22:D22) -> 83
... A43: 99.- Otras partes del cuerpo no mencionadas anteriormente | B43: 2 | C43: 1 | D43: 0 | E43: =SUM(B43:D43) -> 3

Sheet ATR-A10_II
A1: ACCIDENTES DE TRABAJO | F1: Volver al índice
A3: ATR-A10_II. ACCIDENTES DE TRABAJO CON BAJA, IN ITINERE, SEGÚN GRAVEDAD,
A4: POR PARTE DEL CUERPO LESIONADA
A6: enero-agosto 2021
B8: Leves | C8: Graves | D8: Mortales | E8: TOTAL
A9: TOTAL | B9: =SUM(B11:B38) -> 260 | C9: =SUM(C11:C38) -> 1 | D9: =SUM(D11:D38) -> 1 | E9: =SUM(E11:E38) -> 262
A11: 00.- Parte del cuerpo afectada, sin especificar | B11: 1 | C11: 0 | D11: 0 | E11: =SUM(B11:D11) -> 1
A12: 11.- Cabeza (Caput), cerebro, nervios craneanos y vasos cerebrales | B12: 3 | C12: 0 | D12: 1 | E12: =SUM(B12:D12) -> 4
A13: 12.- Zona facial | B13: 3 | C13: 0 | D13: 0 | E13: =SUM(B13:D13) -> 3
A14: 18.- Cabeza, múltiples partes afectadas | B14: 3 | C14: 0 | D14: 0 | E14: =SUM(B14:D14) -> 3
A15: 19.- Cabeza, otras partes no mencionadas anteriormente | B15: 1 | C15: 0 | D15: 0 | E15: =SUM(B15:D15) -> 1
A16: 21.- Cuello, incluida la columna y las vértebras del cuello | B16: 49 | C16: 0 | D16: 0 | E16: =SUM(B16:D16) -> 49
A17: 29.- Cuello, otras partes no mencionadas anteriormente | B17: 14 | C17: 0 | D17: 0 | E17: =SUM(B17:D17) -> 14
A18: 31.- Espalda, incluida la columna y las vértebras de la espalda | B18: 23 | C18: 0 | D18: 0 | E18: =SUM(B18:D18) -> 23
A19: 39.- Espalda, otras partes no mencionadas anteriormente | B19: 8 | C19: 0 | D19: 0 | E19: =SUM(B19:D19) -> 8
A20: 41.- Caja torácica, costillas, incluidos omoplatos y articulaciones acromioclaviculares | B20: 6 | C20: 0 | D20: 0 | E20: =SUM(B20:D20) -> 6
A21: 43.- Región pélvica y abdominal, incluidos sus órganos | B21: 1 | C21: 0 | D21: 0 | E21: =SUM(B21:D21) -> 1
A22: 49.- Tronco, otras partes no mencionadas anteriormente | B22: 1 | C22: 0 | D22: 0 | E22: =SUM(B22:D22) -> 1
... A38: 78.- Múltiples partes del cuerpo afectadas | B38: 36 | C38: 1 | D38: 0 | E38: =SUM(B38:D38) -> 37

Sheet ATR-A11
A1: ACCIDENTES DE TRABAJO | F1: Volver al índice
A3: ATR-A11. ACCIDENTES DE TRABAJO CON BAJA, EN JORNADA, SEGÚN TIPO DE CONTRATO
A4: DEL ACCIDENTADO
A6: enero-agosto 2021
B8: Leves | C8: Graves | D8: Mortales | E8: TOTAL
A9: TOTAL | B9: =SUM(B11:B41) -> 2738 | C9: =SUM(C11:C41) -> 27 | D9: =SUM(D11:D41) -> 4 | E9: =SUM(B9:D9) -> 2769
A11: 01.- Indefinido tiempo completo | B11: 1535 | C11: 15 | D11: 3 | E11: =SUM(B11:D11) -> 1553
A12: 02.- Indefinido tiempo parcial | B12: 127 | C12: 2 | D12: 0 | E12: =SUM(B12:D12) -> 129
A13: 03.- Temporal tiempo completo | B13: 744 | C13: 6 | D13: 0 | E13: =SUM(B13:D13) -> 750
A14: 04.- Temporal tiempo parcial | B14: 100 | C14: 0 | D14: 1 | E14: =SUM(B14:D14) -> 101
A15: 05.- Indefinido (fijo discontinuo) | B15: 48 | C15: 1 | D15: 0 | E15: =SUM(B15:D15) -> 49
A16: 06.- Otros | B16: 180 | C16: 3 | D16: 0 | E16: =SUM(B16:D16) -> 183
A17: 99.- No consta | B17: 4 | C17: 0 | D17: 0 | E17: =SUM(B17:D17) -> 4

Sheet ATR-A11_II
A1: ACCIDENTES DE TRABAJO | F1: Volver al índice
A3: ATR-A11. ACCIDENTES DE TRABAJO CON BAJA, IN ITINERE, SEGÚN TIPO DE CONTRATO
A4: DEL ACCIDENTADO
A6: enero-agosto 2021
B8: Leves | C8: Graves | D8: Mortales | E8: TOTAL
A9: TOTAL | B9: =SUM(B11:B38) -> 260 | C9: =SUM(C11:C38) -> 1 | D9: =SUM(D11:D38) -> 1 | E9: =SUM(B9:D9) -> 262
A11: 01.- Indefinido tiempo completo | B11: 127 | C11: 1 | D11: 1 | E11: =SUM(B11:D11) -> 129
A12: 02.- Indefinido tiempo parcial | B12: 17 | C12: 0 | D12: 0 | E12: =SUM(B12:D12) -> 17
A13: 03.- Temporal tiempo completo | B13: 75 | C13: 0 | D13: 0 | E13: =SUM(B13:D13) -> 75
A14: 04.- Temporal tiempo parcial | B14: 15 | C14: 0 | D14: 0 | E14: =SUM(B14:D14) -> 15
A15: 05.- Indefinido (fijo discontinuo) | B15: 7 | C15: 0 | D15: 0 | E15: =SUM(B15:D15) -> 7
A16: 06.- Otros | B16: 18 | C16: 0 | D16: 0 | E16: =SUM(B16:D16) -> 18
A17: 99.- No consta | B17: 1 | C17: 0 | D17: 0 | E17: =SUM(B17:D17) -> 1

Sheet ATR-A12
A1: ACCIDENTES DE TRABAJO | F1: Volver al índice
A3: ATR-A12. ACCIDENTES DE TRABAJO CON BAJA, EN JORNADA, SEGÚN ANTIGÜEDAD
A4: DEL ACCIDENTADO EN LA EMPRESA
A6: enero-agosto 2021
B8: Leves | C8: Graves | D8: Mortales | E8: TOTAL
A9: TOTAL | B9: =SUM(B11:B26) -> 2738 | C9: =SUM(C11:C26) -> 27 | D9: =SUM(D11:D26) -> 4 | E9: =SUM(B9:D9) -> 2769
A11: 01.- Menos de 1 mes | B11: 254 | C11: 4 | D11: 0 | E11: =SUM(B11:D11) -> 258
A12: 02.- De 1 a 3 meses | B12: 309 | C12: 3 | D12: 0 | E12: =SUM(B12:D12) -> 312
A13: 03.- De 4 a 6 meses | B13: 173 | C13: 0 | D13: 1 | E13: =SUM(B13:D13) -> 174
A14: 04.- De 7 a 12 meses | B14: 191 | C14: 1 | D14: 0 | E14: =SUM(B14:D14) -> 192
A15: 05.- De 13 meses a 2 años | B15: 329 | C15: 1 | D15: 1 | E15: =SUM(B15:D15) -> 331
A16: 06.- De 2 a 5 años | B16: 549 | C16: 9 | D16: 0 | E16: =SUM(B16:D16) -> 558
A17: 07.- De 5 a 10 años | B17: 294 | C17: 3 | D17: 1 | E17: =SUM(B17:D17) -> 298
A18: 08.- De 10 a 15 años | B18: 237 | C18: 1 | D18: 0 | E18: =SUM(B18:D18) -> 238
A19: 09.- De 15 a 20 años | B19: 182 | C19: 0 | D19: 1 | E19: =SUM(B19:D19) -> 183
A20: 10.- De 20 a 25 años | B20: 97 | C20: 1 | D20: 0 | E20: =SUM(B20:D20) -> 98
A21: 11.- Más de 25 años | B21: 123 | C21: 4 | D21: 0 | E21: =SUM(B21:D21) -> 127

Sheet ATR-A12_II
A1: ACCIDENTES DE TRABAJO | F1: Volver al índice
A3: ATR-A12. ACCIDENTES DE TRABAJO CON BAJA, IN ITINERE, SEGÚN ANTIGÜEDAD
A4: DEL ACCIDENTADO EN LA EMPRESA
A6: enero-agosto 2021
B8: Leves | C8: Graves | D8: Mortales | E8: TOTAL
A9: TOTAL | B9: =SUM(B11:B28) -> 260 | C9: =SUM(C11:C28) -> 1 | D9: =SUM(D11:D28) -> 1 | E9: =SUM(B9:D9) -> 262
A11: 01.- Menos de 1 mes | B11: 31 | C11: 0 | D11: 0 | E11: =SUM(B11:D11) -> 31
A12: 02.- De 1 a 3 meses | B12: 35 | C12: 0 | D12: 0 | E12: =SUM(B12:D12) -> 35
A13: 03.- De 4 a 6 meses | B13: 16 | C13: 0 | D13: 0 | E13: =SUM(B13:D13) -> 16
A14: 04.- De 7 a 12 meses | B14: 15 | C14: 0 | D14: 0 | E14: =SUM(B14:D14) -> 15
A15: 05.- De 13 meses a 2 años | B15: 31 | C15: 0 | D15: 0 | E15: =SUM(B15:D15) -> 31
A16: 06.- De 2 a 5 años | B16: 42 | C16: 0 | D16: 0 | E16: =SUM(B16:D16) -> 42
A17: 07.- De 5 a 10 años | B17: 28 | C17: 0 | D17: 1 | E17: =SUM(B17:D17) -> 29
A18: 08.- De 10 a 15 años | B18: 20 | C18: 0 | D18: 0 | E18: =SUM(B18:D18) -> 20
A19: 09.- De 15 a 20 años | B19: 15 | C19: 0 | D19: 0 | E19: =SUM(B19:D19) -> 15
A20: 10.- De 20 a 25 años | B20: 14 | C20: 0 | D20: 0 | E20: =SUM(B20:D20) -> 14
A21: 11.- Más de 25 años | B21: 13 | C21: 1 | D21: 0 | E21: =SUM(B21:D21) -> 14

Sheet ATR-A13
A1: ACCIDENTES DE TRABAJO | F1: Volver al índice
A3: ATR-A13. ACCIDENTES DE TRABAJO CON BAJA, EN JORNADA, SEGÚN RELACIÓN LABORAL
A4: DEL ACCIDENTADO
A6: enero-agosto 2021
B8: Leves | C8: Graves | D8: Mortales | E8: TOTAL
A9: TOTAL | B9: =SUM(B11:B34) -> 2738 | C9: =SUM(C11:C34) -> 27 | D9: =SUM(D11:D34) -> 4 | E9: =SUM(B9:D9) -> 2769
A11: Asalariado sector privado | B11: 2318 | C11: 24 | D11: 4 | E11: =SUM(B11:D11) -> 2346
A12: Asalariado sector público | B12: 240 | C12: 0 | D12: 0 | E12: =SUM(B12:D12) -> 240
A13: Autónomo con asalariados | B13: 56 | C13: 0 | D13: 0 | E13: =SUM(B13:D13) -> 56
A14: Autónomo sin asalariados | B14: 124 | C14: 3 | D14: 0 | E14: =SUM(B14:D14) -> 127

Sheet ATR-A13_II
A1: ACCIDENTES DE TRABAJO | F1: Volver al índice
A3: ATR-A13. ACCIDENTES DE TRABAJO CON BAJA, IN ITINERE, SEGÚN RELACIÓN LABORAL
A4: DEL ACCIDENTADO
A6: enero-agosto 2021
B8: Leves | C8: Graves | D8: Mortales | E8: TOTAL
A9: TOTAL | B9: =SUM(B11:B36) -> 260 | C9: =SUM(C11:C36) -> 1 | D9: =SUM(D11:D36) -> 1 | E9: =SUM(B9:D9) -> 262
A11: Asalariado sector privado | B11: 206 | C11: 1 | D11: 1 | E11: =SUM(B11:D11) -> 208
A12: Asalariado sector público | B12: 36 | C12: 0 | D12: 0 | E12: =SUM(B12:D12) -> 36
A13: Autónomo con asalariados | B13: 5 | C13: 0 | D13: 0 | E13: =SUM(B13:D13) -> 5
A14: Autónomo sin asalariados | B14: 13 | C14: 0 | D14: 0 | E14: =SUM(B14:D14) -> 13

Sheet ATR-I2.1
A1: ACCIDENTES DE TRABAJO
A3: ATR-I2.1 ÍNDICES DE INCIDENCIA DE ACCIDENTES DE TRABAJO CON BAJA EN JORNADA
A4: POR SECTOR Y SECCIÓN DE ACTIVIDAD.TOTAL
A6: enero-agosto 2021
D7: ACCIDENTES EN JORNADA (1) | G7: AFILIADOS EN MEDIA MENSUAL (2) | I7: ÍNDICES DE INCIDENCIA EN MEDIA MENSUAL (3)
D8: Total | E8: Mortales | I8: Total | J8: Mortales
B9: TOTAL | D9: ='ATR-A2.1'!F9 -> 2769 | E9: ='ATR-A2.1'!E9 -> 4 | G9: =SUM(G12:G15) -> 125381.5 | I9: =(D9*100000/G9)/8 -> 276.05747 | J9: =(E9*100000/G9)/8 -> 0.39878291
B11: SECTOR
B12: Agrario | D12: ='ATR-A2.1'!F12 -> 181 | E12: ='ATR-A2.1'!E12 -> 0 | G12: =G18 -> 7160.875 | I12: =(D12*100000/G12)/8 -> 315.95301 | J12: =(E12*100000/G12)/8 -> 0
B13: Industria | D13: ='ATR-A2.1'!F13 -> 828 | E13: ='ATR-A2.1'!E13 -> 1 | G13: =SUM(G19:G22) -> 26048.375 | I13: =(D13*100000/G13)/8 -> 397.33765 | J13: =(E13*100000/G13)/8 -> 0.47987638
B14: Construcción | D14: ='ATR-A2.1'!F14 -> 402 | E14: ='ATR-A2.1'!E14 -> 0 | G14: =G23 -> 8535.625 | I14: =(D14*100000/G14)/8 -> 588.70909 | J14: =(E14*100000/G14)/8 -> 0
B15: Servicios | D15: ='ATR-A2.1'!F15 -> 1358 | E15: ='ATR-A2.1'!E15 -> 3 | G15: =SUM(G24:G38) -> 83636.625 | I15: =(D15*100000/G15)/8 -> 202.96132 | J15: =(E15*100000/G15)/8 -> 0.44836816
B17: SECCIÓN
A18: A | B18: Agricultura, ganadería, silvicultura y pesca | D18: =SUM('ATR-A2.1'!F18:F20) -> 181 | E18: =SUM('ATR-A2.1'!E18:E20) -> 0 | G18: 7160.875 | I18: =(D18*100000/G18)/8 -> 315.95301 | J18: =(E18*100000/G18)/8 -> 0
A19: B | B19: Industrias extractivas | D19: =SUM('ATR-A2.1'!F21) -> 5 | E19: =SUM('ATR-A2.1'!E21) -> 0 | G19: 137.5 | I19: =(D19*100000/G19)/8 -> 454.54545 | J19: =(E19*100000/G19)/8 -> 0
A20: C | B20: Industria manufacturera | D20: =SUM('ATR-A2.1'!F22:F39) -> 783 | E20: =SUM('ATR-A2.1'!E22:E39) -> 0 | G20: 24638.625 | I20: =(D20*100000/G20)/8 -> 397.24214 | J20: =(E20*100000/G20)/8 -> 0
A21: D | B21: Suministro de energía eléctrica, gas, vapor y aire acondicionado | G21: 183.125 | I21: =(D21*100000/G21)/8 -> 0 | J21: =(E21*100000/G21)/8 -> 0
A22: E | B22: Suministro de agua, saneamiento, gestión residuos | D22: =SUM('ATR-A2.1'!F40:F42) -> 40 | E22: =SUM('ATR-A2.1'!E40:E42) -> 1 | G22: 1089.125 | I22: =(D22*100000/G22)/8 -> 459.08413 | J22: =(E22*100000/G22)/8 -> 11.477103
A23: F | B23: Construcción | D23: =SUM('ATR-A2.1'!F43:F45) -> 402 | E23: =SUM('ATR-A2.1'!E43:E45) -> 0 | G23: 8535.625 | I23: =(D23*100000/G23)/8 -> 588.70909 | J23: =(E23*100000/G23)/8 -> 0
A24: G | B24: Comercio al por mayor y por menor; reparación vehículos motor | D24: =SUM('ATR-A2.1'!F46:F48) -> 314 | E24: =SUM('ATR-A2.1'!E46:E48) -> 0 | G24: 19092.375 | I24: =(D24*100000/G24)/8 -> 205.57945 | J24: =(E24*100000/G24)/8 -> 0
A25: H | B25: Transporte y almacenamiento | D25: =SUM('ATR-A2.1'!F49:F51) -> 137 | E25: =SUM('ATR-A2.1'!E49:E51) -> 2 | G25: 4556.875 | I25: =(D25*100000/G25)/8 -> 375.80579 | J25: =(E25*100000/G25)/8 -> 5.4862159
A26: I | B26: Hostelería | D26: =SUM('ATR-A2.1'!F52:F53) -> 125 | E26: =SUM('ATR-A2.1'!E52:E53) -> 1 | G26: 8487.375 | I26: =(D26*100000/G26)/8 -> 184.09697 | J26: =(E26*100000/G26)/8 -> 1.4727757
A27: J | B27: Información y comunicaciones | D27: =SUM('ATR-A2.1'!F54:F55) -> 2 | E27: =SUM('ATR-A2.1'!E54:E55) -> 0 | G27: 1705.75 | I27: =(D27*100000/G27)/8 -> 14.65631 | J27: =(E27*100000/G27)/8 -> 0
A28: K | B28: Actividades financieras y de seguros | D28: =SUM('ATR-A2.1'!F56:F56) -> 1 | E28: =SUM('ATR-A2.1'!E56:E56) -> 0 | G28: 1884 | I28: =(D28*100000/G28)/8 -> 6.6348195 | J28: =(E28*100000/G28)/8 -> 0
A29: L | B29: Actividades inmobiliarias | G29: 488.875 | I29: =(D29*100000/G29)/8 -> 0 | J29: =(E29*100000/G29)/8 -> 0
A30: M | B30: Actividades profesionales, científicas y técnicas | D30: =SUM('ATR-A2.1'!F57:F62) -> 10 | E30: =SUM('ATR-A2.1'!E57:E62) -> 0 | G30: 4838.5 | I30: =(D30*100000/G30)/8 -> 25.834453 | J30: =(E30*100000/G30)/8 -> 0
A31: N | B31: Actividades administrativas y servicios auxiliares | D31: =SUM('ATR-A2.1'!F63:F67) -> 258 | E31: =SUM('ATR-A2.1'!E63:E67) -> 0 | G31: 7082.5 | I31: =(D31*100000/G31)/8 -> 455.34769 | J31: =(E31*100000/G31)/8 -> 0
A32: O | B32: Administración Pública y defensa; Seguridad social obligatoria | D32: =SUM('ATR-A2.1'!F68:F68) -> 121 | E32: =SUM('ATR-A2.1'!E68:E68) -> 0 | G32: 6923.625 | I32: =(D32*100000/G32)/8 -> 218.45493 | J32: =(E32*100000/G32)/8 -> 0
A33: P | B33: Educación | D33: =SUM('ATR-A2.1'!F69:F69) -> 20 | E33: =SUM('ATR-A2.1'!E69:E69) -> 0 | G33: 8912.75 | I33: =(D33*100000/G33)/8 -> 28.049704 | J33: =(E33*100000/G33)/8 -> 0
A34: Q | B34: Actividades sanitarias y de servicios sociales | D34: =SUM('ATR-A2.1'!F70:F72) -> 284 | E34: =SUM('ATR-A2.1'!E70:E72) -> 0 | G34: 11941.125 | I34: =(D34*100000/G34)/8 -> 297.29192 | J34: =(E34*100000/G34)/8 -> 0
A35: R | B35: Actividades artísticas, recreativas y de entretenimiento | D35: =SUM('ATR-A2.1'!F73:F75) -> 63 | E35: =SUM('ATR-A2.1'!E73:E75) -> 0 | G35: 1916 | I35: =(D35*100000/G35)/8 -> 411.01253 | J35: =(E35*100000/G35)/8 -> 0
A36: S | B36: Otros servicios | D36: =SUM('ATR-A2.1'!F76:F78) -> 16 | E36: =SUM('ATR-A2.1'!E76:E78) -> 0 | G36: 3148.375 | I36: =(D36*100000/G36)/8 -> 63.524834 | J36: =(E36*100000/G36)/8 -> 0
A37: T | B37: Actividades de hogares empleadores de personal doméstico | D37: =SUM('ATR-A2.1'!F79:F79) -> 7 | E37: =SUM('ATR-A2.1'!E79:E79) -> 0 | G37: 2652.25 | I37: =(D37*100000/G37)/8 -> 32.990857 | J37: =(E37*100000/G37)/8 -> 0
A38: U | B38: Actividades de organizaciones y organismos extraterritoriales | G38: 6.25 | I38: =(D38*100000/G38)/8 -> 0 | J38: =(E38*100000/G38)/8 -> 0
A39: 00 | B39: Sin actividad económica | I39: - | J39: -
A41: (2) Media del dato de afiliados a último día de mes que tienen cubiertas las contingencias profesionales (véanse Fuentes y Notas explicativas).
A42: (3) Indices calculados utilizando, en el numerador, la media mensual de los accidentes con baja en jornada de trabajo del período considerado, multiplicado por cien mil y, en el denominador, la media mensual de los afiliados a la Seguridad Social con la contingencia de accidente cubierta en dicho período. (Véanse Fuentes y Notas Explicativas).

Sheet ATR-I2.2
A1: ACCIDENTES DE TRABAJO
A3: ATR-I2.2 ÍNDICES DE INCIDENCIA DE ACCIDENTES DE TRABAJO CON BAJA EN JORNADA
A4: POR SECTOR Y SECCIÓN DE ACTIVIDAD.ASALARIADOS
A6: enero-agosto 2021
D7: ACCIDENTES EN JORNADA (1) | G7: AFILIADOS EN MEDIA MENSUAL (2) | I7: ÍNDICES DE INCIDENCIA EN MEDIA MENSUAL (3)
D8: Total | E8: Mortales | I8: Total | J8: Mortales
B9: TOTAL | D9: ='ATR-A2.2'!F9 -> 2586 | E9: ='ATR-A2.2'!E9 -> 4 | G9: =SUM(G12:G15) -> 101683.75 | I9: =(D9*100000/G9)/8 -> 317.8974 | J9: =(E9*100000/G9)/8 -> 0.49172065
B11: SECTOR
B12: Agrario | D12: ='ATR-A2.2'!F12 -> 151 | E12: ='ATR-A2.2'!E12 -> 0 | G12: =G18 -> 4341 | I12: =(D12*100000/G12)/8 -> 434.80765 | J12: =(E12*100000/G12)/8 -> 0
B13: Industria | D13: ='ATR-A2.2'!F13 -> 815 | E13: ='ATR-A2.2'!E13 -> 1 | G13: =SUM(G19:G22) -> 23989 | I13: =(D13*100000/G13)/8 -> 424.67381 | J13: =(E13*100000/G13)/8 -> 0.52107216
B14: Construcción | D14: ='ATR-A2.2'!F14 -> 344 | E14: ='ATR-A2.2'!E14 -> 0 | G14: =G23 -> 5486.125 | I14: =(D14*100000/G14)/8 -> 783.79548 | J14: =(E14*100000/G14)/8 -> 0
B15: Servicios | D15: ='ATR-A2.2'!F15 -> 1276 | E15: ='ATR-A2.2'!E15 -> 3 | G15: =SUM(G24:G38) -> 67867.625 | I15: =(D15*100000/G15)/8 -> 235.01633 | J15: =(E15*100000/G15)/8 -> 0.55254623
B17: SECCIÓN
A18: A | B18: Agricultura, ganadería, silvicultura y pesca | D18: =SUM('ATR-A2.2'!F18:F20) -> 151 | E18: =SUM('ATR-A2.2'!E18:E20) -> 0 | G18: 4341 | I18: =(D18*100000/G18)/8 -> 434.80765 | J18: =(E18*100000/G18)/8 -> 0
A19: B | B19: Industrias extractivas | D19: =SUM('ATR-A2.2'!F21) -> 5 | E19: =SUM('ATR-A2.2'!E21) -> 0 | G19: 124.375 | I19: =(D19*100000/G19)/8 -> 502.51256 | J19: =(E19*100000/G19)/8 -> 0
A20: C | B20: Industria manufacturera | D20: =SUM('ATR-A2.2'!F22:F38) -> 770 | E20: =SUM('ATR-A2.2'!E22:E38) -> 0 | G20: 22623 | I20: =(D20*100000/G20)/8 -> 425.45197 | J20: =(E20*100000/G20)/8 -> 0
A21: D | B21: Suministro de energía eléctrica, gas, vapor y aire acondicionado | G21: 175.125 | I21: =(D21*100000/G21)/8 -> 0 | J21: =(E21*100000/G21)/8 -> 0
A22: E | B22: Suministro de agua, saneamiento, gestión residuos | D22: =SUM('ATR-A2.2'!F39:F41) -> 40 | E22: =SUM('ATR-A2.2'!E39:E41) -> 1 | G22: 1066.5 | I22: =(D22*100000/G22)/8 -> 468.82325 | J22: =(E22*100000/G22)/8 -> 11.720581
A23: F | B23: Construcción | D23: =SUM('ATR-A2.2'!F42:F44) -> 344 | E23: =SUM('ATR-A2.2'!E42:E44) -> 0 | G23: 5486.125 | I23: =(D23*100000/G23)/8 -> 783.79548 | J23: =(E23*100000/G23)/8 -> 0
A24: G | B24: Comercio al por mayor y por menor; reparación vehículos motor | D24: =SUM('ATR-A2.2'!F45:F47) -> 281 | E24: =SUM('ATR-A2.2'!E45:E47) -> 0 | G24: 13585.25 | I24: =(D24*100000/G24)/8 -> 258.55247 | J24: =(E24*100000/G24)/8 -> 0
A25: H | B25: Transporte y almacenamiento | D25: =SUM('ATR-A2.2'!F48:F50) -> 128 | E25: =SUM('ATR-A2.2'!E48:E50) -> 2 | G25: 3518.25 | I25: =(D25*100000/G25)/8 -> 454.77155 | J25: =(E25*100000/G25)/8 -> 7.1058054
A26: I | B26: Hostelería | D26: =SUM('ATR-A2.2'!F51:F52) -> 104 | E26: =SUM('ATR-A2.2'!E51:E52) -> 1 | G26: 5977.625 | I26: =(D26*100000/G26)/8 -> 217.47768 | J26: =(E26*100000/G26)/8 -> 2.0911315
A27: J | B27: Información y comunicaciones | D27: =SUM('ATR-A2.2'!F53:F53) -> 1 | E27: =SUM('ATR-A2.2'!E53:E53) -> 0 | G27: 1413.875 | I27: =(D27*100000/G27)/8 -> 8.8409513 | J27: =(E27*100000/G27)/8 -> 0
A28: K | B28: Actividades financieras y de seguros | D28: =SUM('ATR-A2.2'!F54:F54) -> 1 | E28: =SUM('ATR-A2.2'!E54:E54) -> 0 | G28: 1462.375 | I28: =(D28*100000/G28)/8 -> 8.5477391 | J28: =(E28*100000/G28)/8 -> 0
A29: L | B29: Actividades inmobiliarias | G29: 306 | I29: =(D29*100000/G29)/8 -> 0 | J29: =(E29*100000/G29)/8 -> 0
A30: M | B30: Actividades profesionales, científicas y técnicas | D30: =SUM('ATR-A2.2'!F55:F57) -> 6 | E30: =SUM('ATR-A2.2'!E55:E57) -> 0 | G30: 2913 | I30: =(D30*100000/G30)/8 -> 25.746653 | J30: =(E30*100000/G30)/8 -> 0
A31: N | B31: Actividades administrativas y servicios auxiliares | D31: =SUM('ATR-A2.2'!F58:F63) -> 251 | E31: =SUM('ATR-A2.2'!E58:E62) -> 0 | G31: 6361.25 | I31: =(D31*100000/G31)/8 -> 493.22067 | J31: =(E31*100000/G31)/8 -> 0
A32: O | B32: Administración Pública y defensa; Seguridad social obligatoria | D32: =SUM('ATR-A2.2'!F64:F64) -> 121 | E32: =SUM('ATR-A2.2'!E64:E64) -> 0 | G32: 6917 | I32: =(D32*100000/G32)/8 -> 218.66416 | J32: =(E32*100000/G32)/8 -> 0
A33: P | B33: Educación | D33: =SUM('ATR-A2.2'!F65:F65) -> 18 | E33: =SUM('ATR-A2.2'!E65:E65) -> 0 | G33: 8238.375 | I33: =(D33*100000/G33)/8 -> 27.311211 | J33: =(E33*100000/G33)/8 -> 0
A34: Q | B34: Actividades sanitarias y de servicios sociales | D34: =SUM('ATR-A2.2'!F66:F69) -> 284 | E34: =SUM('ATR-A2.2'!E66:E69) -> 0 | G34: 11298.75 | I34: =(D34*100000/G34)/8 -> 314.19405 | J34: =(E34*100000/G34)/8 -> 0
A35: R | B35: Actividades artísticas, recreativas y de entretenimiento | D35: =SUM('ATR-A2.2'!F70:F71) -> 60 | E35: =SUM('ATR-A2.2'!E70:E71) -> 0 | G35: 1454.875 | I35: =(D35*100000/G35)/8 -> 515.50821 | J35: =(E35*100000/G35)/8 -> 0
A36: S | B36: Otros servicios | D36: =SUM('ATR-A2.2'!F72:F74) -> 14 | E36: =SUM('ATR-A2.2'!E72:E74) -> 0 | G36: 1766.625 | I36: =(D36*100000/G36)/8 -> 99.05894 | J36: =(E36*100000/G36)/8 -> 0
A37: T | B37: Actividades de hogares empleadores de personal doméstico | D37: =SUM('ATR-A2.2'!F75:F75) -> 7 | E37: =SUM('ATR-A2.2'!E75:E75) -> 0 | G37: 2652.125 | I37: =(D37*100000/G37)/8 -> 32.992412 | J37: =(E37*100000/G37)/8 -> 0
A38: U | B38: Actividades de organizaciones y organismos extraterritoriales | G38: 2.25 | I38: =(D38*100000/G38)/8 -> 0 | J38: =(E38*100000/G38)/8 -> 0
A39: 00 | B39: Sin actividad económica | I39: - | J39: -
A41: (2) Media del dato de afiliados a último día de mes que tienen cubiertas las contingencias profesionales (véanse Fuentes y Notas explicativas).
A42: (3) Indices calculados utilizando, en el numerador, la media mensual de los accidentes con baja en jornada de trabajo del período considerado, multiplicado por cien mil y, en el denominador, la media mensual de los afiliados a la Seguridad Social con la contingencia de accidente cubierta en dicho período. (Véanse Fuentes y Notas Explicativas).

Sheet ATR-I2.3
A1: ACCIDENTES DE TRABAJO
A3: ATR-I2.3 ÍNDICES DE INCIDENCIA DE ACCIDENTES DE TRABAJO CON BAJA EN JORNADA
A4: POR SECTOR Y SECCIÓN DE ACTIVIDAD.TRABAJADORES POR CUENTA PROPIA
A6: enero-agosto 2021
D7: ACCIDENTES EN JORNADA (1) | G7: AFILIADOS EN MEDIA MENSUAL (2) | I7: ÍNDICES DE INCIDENCIA EN MEDIA MENSUAL (3)
D8: Total | E8: Mortales | I8: Total | J8: Mortales
B9: TOTAL | D9: ='ATR-A2.3'!F9 -> 183 | E9: ='ATR-A2.3'!E9 -> 0 | G9: =SUM(G12:G15) -> 23697.75 | I9: =(D9*100000/G9)/8 -> 96.528151 | J9: =(E9*100000/G9)/8 -> 0
B11: SECTOR
B12: Agrario | D12: ='ATR-A2.3'!F12 -> 30 | E12: ='ATR-A2.3'!E12 -> 0 | G12: =G18 -> 2819.875 | I12: =(D12*100000/G12)/8 -> 132.98462 | J12: =(E12*100000/G12) -> 0
B13: Industria | D13: ='ATR-A2.3'!F13 -> 13 | E13: ='ATR-A2.3'!E13 -> 0 | G13: =SUM(G19:G22) -> 2059.375 | I13: =(D13*100000/G13)/8 -> 78.907436 | J13: =(E13*100000/G13) -> 0
B14: Construcción | D14: ='ATR-A2.3'!F14 -> 58 | E14: ='ATR-A2.3'!E14 -> 0 | G14: =G23 -> 3049.5 | I14: =(D14*100000/G14)/8 -> 237.74389 | J14: =(E14*100000/G14) -> 0
B15: Servicios | D15: ='ATR-A2.3'!F15 -> 82 | E15: ='ATR-A2.3'!E15 -> 0 | G15: =SUM(G24:G38) -> 15769 | I15: =(D15*100000/G15)/8 -> 65.000951 | J15: =(E15*100000/G15) -> 0
B17: SECCIÓN
A18: A | B18: Agricultura, ganadería, silvicultura y pesca | D18: ='ATR-I2.1'!D18-'ATR-I2.2'!D18 -> 30 | E18: ='ATR-I2.1'!E18-'ATR-I2.2'!E18 -> 0 | G18: 2819.875 | I18: =(D18*100000/G18)/8 -> 132.98462 | J18: =(E18*100000/G18) -> 0
A19: B | B19: Industrias extractivas | D19: ='ATR-I2.1'!D19-'ATR-I2.2'!D19 -> 0 | E19: ='ATR-I2.1'!E19-'ATR-I2.2'!E19 -> 0 | G19: 13.125 | I19: =(D19*100000/G19)/8 -> 0 | J19: =(E19*100000/G19) -> 0
A20: C | B20: Industria manufacturera | D20: ='ATR-I2.1'!D20-'ATR-I2.2'!D20 -> 13 | E20: ='ATR-I2.1'!E20-'ATR-I2.2'!E20 -> 0 | G20: 2015.625 | I20: =(D20*100000/G20)/8 -> 80.620155 | J20: =(E20*100000/G20) -> 0
A21: D | B21: Suministro de energía eléctrica, gas, vapor y aire acondicionado | D21: ='ATR-I2.1'!D21-'ATR-I2.2'!D21 -> 0 | E21: ='ATR-I2.1'!E21-'ATR-I2.2'!E21 -> 0 | G21: 8 | I21: =(D21*100000/G21)/8 -> 0 | J21: =(E21*100000/G21) -> 0
A22: E | B22: Suministro de agua, saneamiento, gestión residuos | D22: ='ATR-I2.1'!D22-'ATR-I2.2'!D22 -> 0 | E22: ='ATR-I2.1'!E22-'ATR-I2.2'!E22 -> 0 | G22: 22.625 | I22: =(D22*100000/G22)/8 -> 0 | J22: =(E22*100000/G22) -> 0
A23: F | B23: Construcción | D23: ='ATR-I2.1'!D23-'ATR-I2.2'!D23 -> 58 | E23: ='ATR-I2.1'!E23-'ATR-I2.2'!E23 -> 0 | G23: 3049.5 | I23: =(D23*100000/G23)/8 -> 237.74389 | J23: =(E23*100000/G23) -> 0
A24: E | B24: Comercio al por mayor y por menor; reparación vehículos motor | D24: ='ATR-I2.1'!D24-'ATR-I2.2'!D24 -> 33 | E24: ='ATR-I2.1'!E24-'ATR-I2.2'!E24 -> 0 | G24: 5507.125 | I24: =(D24*100000/G24)/8 -> 74.902967 | J24: =(E24*100000/G24) -> 0
A25: H | B25: Transporte y almacenamiento | D25: ='ATR-I2.1'!D25-'ATR-I2.2'!D25 -> 9 | E25: ='ATR-I2.1'!E25-'ATR-I2.2'!E25 -> 0 | G25: 1038.625 | I25: =(D25*100000/G25)/8 -> 108.31628 | J25: =(E25*100000/G25) -> 0
A26: I | B26: Hostelería | D26: ='ATR-I2.1'!D26-'ATR-I2.2'!D26 -> 21 | E26: ='ATR-I2.1'!E26-'ATR-I2.2'!E26 -> 0 | G26: 2509.75 | I26: =(D26*100000/G26)/8 -> 104.59209 | J26: =(E26*100000/G26) -> 0
A27: J | B27: Información y comunicaciones | D27: ='ATR-I2.1'!D27-'ATR-I2.2'!D27 -> 1 | E27: ='ATR-I2.1'!E27-'ATR-I2.2'!E27 -> 0 | G27: 291.875 | I27: =(D27*100000/G27)/8 -> 42.826552 | J27: =(E27*100000/G27) -> 0
A28: K | B28: Actividades financieras y de seguros | D28: ='ATR-I2.1'!D28-'ATR-I2.2'!D28 -> 0 | E28: ='ATR-I2.1'!E28-'ATR-I2.2'!E28 -> 0 | G28: 421.625 | I28: =(D28*100000/G28)/8 -> 0 | J28: =(E28*100000/G28) -> 0
A29: L | B29: Actividades inmobiliarias | D29: ='ATR-I2.1'!D29-'ATR-I2.2'!D29 -> 0 | E29: ='ATR-I2.1'!E29-'ATR-I2.2'!E29 -> 0 | G29: 182.875 | I29: =(D29*100000/G29)/8 -> 0 | J29: =(E29*100000/G29) -> 0
... A38: U | B38: Actividades de organizaciones y organismos extraterritoriales | D38: ='ATR-I2.1'!D38-'ATR-I2.2'!D38 -> 0 | E38: ='ATR-I2.1'!E38-'ATR-I2.2'!E38 -> 0 | G38: 4 | I38: =(D38*100000/G38)/8 -> 0 | J38: =(E38*100000/G38) -> 0
A39: 00 | B39: Sin actividad económica | I39: - | J39: -
A41: (2) Media del dato de afiliados a último día de mes que tienen cubiertas las continEencias profesionales (véanse Fuentes y Notas explicativas).
A42: (3) Indices calculados utilizando, en el numerador, la media mensual de los accidentes con baja en jornada de trabajo del período considerado, multiplicado por cien mil y, en el denominador, la media mensual de los afiliados a la SeEuridad Social con la continEencia de accidente cubierta en dicho período. (Véanse Fuentes y Notas Explicativas).

Sheet NOVEDADES
A1: ACCIDENTES DE TRABAJO
A3: NOVEDADES IMPORTANTES EN LOS AVANCES DEL AÑO 2021
A5: A partir del Avance enero 2021 se introduce una novedad importante en relación con los datos por actividad económica. Se deja de considerar el criterio que se venía utilizando históricamente (actividad económica del centro de trabajo donde ha ocurrido el accidente) y se pasa a considerar la actividad económica del centro de trabajo en el que el trabajador está dado de alta en la Seguridad Social. La adopción de este criterio alinea a la estadística española con el estándar europeo. Además, el cálculo de índices de incidencia por actividad económica queda así definido de una manera consistente.

Sheet TAS
A1: Tabla - 1: TIPO DE LUGAR
A2: 000 | B2: Ninguna información
A3: 010 | B3: Zonas industriales - Sin especificar
A4: 011 | B4: Lugar de producción, taller, fábrica
A5: 012 | B5: Área de mantenimiento, taller de reparación
A6: 013 | B6: Áreas destinadas principalmente a almacenamiento, carga, descarga
A7: 019 | B7: Otros Tipos de lugar conocidos del grupo 010, pero no mencionados anteriormente
A8: 020 | B8: Obras, construcción, cantera, mina a cielo abierto - Sin especificar
A9: 021 | B9: Obras - edificio en construcción
A10: 022 | B10: Obras - edificio en demolición, renovación o mantenimiento
A11: 023 | B11: Cantera, mina a cielo abierto, excavación, zanja (incluidas las minas a cielo abierto y la canteras en explotación)
A12: 024 | B12: Obras subterráneas
A13: 025 | B13: Obras en el agua
... A50: 099 | B50: Otros Tipos de lugar conocidos del grupo 090, con excepción de las obras, pero no mencionados anteriormente
A51: 100 | B51: Subterráneos - con excepción de las obras - Sin especificar
A52: 101 | B52: Subterráneos - túneles (carretera, tren, metro, etc.)
A53: 102 | B53: Subterráneos - minas
A54: 103 | B54: Subterráneos - alcantarillas
A55: 109 | B55: Otros Tipos de lugar conocidos del grupo 100, con excepción de las obras, no mencionados anteriormente
A56: 110 | B56: En el agua - con excepción de las obras - Sin especificar
A57: 111 | B57: Mares u océanos - a bordo de todo tipo de navíos, plataformas, buques, barcos, barcazas
A58: 112 | B58: Lagos, ríos, puertos - a bordo de todo tipo de navíos, plataformas, buques, barcos, barcazas
A59: 119 | B59: Otros Tipos de lugar conocidos del grupo 110, con excepción de las obras, pero no mencionados anteriormente
A60: 120 | B60: En medio hiperbárico - con excepción de las obras - Sin especif.
A61: 121 | B61: En medio hiperbárico - bajo el agua (inmersiones, etc.)
A62: 122 | B62: En medio hiperbárico - cámara hiperbárica
... A64: 999 | B64: Otros Tipos de lugar no codificados en esta clasificación
A65: Tabla - 2: TIPO DE TRABAJO
A66: 000 | B66: Ninguna información
A67: 010 | B67: Tareas de producción, transformación, tratamiento, almacenamiento -de todo tipo - Sin especificar
A68: 011 | B68: Producción, transformación, tratamiento - de todo tipo
A69: 012 | B69: Almacenamiento - de todo tipo
A70: 019 | B70: Otros Tipos de trabajo conocidos del grupo 10 pero no mencionados anteriormente
A71: 020 | B71: Labores de movimientos de tierras, construcción, mantenimiento, demolición - Sin especificar
A72: 021 | B72: Movimiento de tierras
A73: 022 | B73: Nueva construcción - edificios
A74: 023 | B74: Nueva construcción - obras de fábrica, infraestructura, carreteras, puentes, presas, puertos
A75: 024 | B75: Renovación, reparación, agregación, mantenimiento - de todo tipo de construcciones
A76: 025 | B76: Demolición de todo tipo de construcciones
A77: 029 | B77: Otros Tipos de trabajo conocidos del grupo 20 pero no mencionados anteriormente
... A101: 099 | B101: Otros Tipos de trabajo no codificados en esta clasificación
A102: Tabla - 3: ACTIVIDAD FÍSICA ESPECÍFICA
A103: 000 | B103: Ninguna información
A104: 010 | B104: Operaciones con máquinas - Sin especificar
A105: 011 | B105: Arrancar la máquina, parar la máquina
A106: 012 | B106: Alimentar la máquina, vaciar la máquina
A107: 013 | B107: Vigilar la máquina, hacer funcionar - conducir la máquina
A108: 019 | B108: Otra actividad física específica conocida del grupo 10 pero no mencionada anteriormente
A109: 020 | B109: Trabajos con herramientas manuales - Sin especificar
A110: 021 | B110: Trabajar con herramientas manuales sin motor
A111: 022 | B111: Trabajar con herramientas manuales con motor
A112: 029 | B112: Otra actividad física específica conocida del grupo 20 pero no mencionada anteriormente
A113: 030 | B113: Conducir/estar a bordo de un medio de transporte - equipo de carga - Sin especificar
A114: 031 | B114: Conducir un medio de transporte o un equipo de carga - móvil y con motor
... A142: 099 | B142: Otra actividad física específica no codificada en esta clasificac.
A143: Tabla - 4: DESVIACIÓN
A144: 000 | B144: Ninguna información
A145: 010 | B145: Desviación por problema eléctrico, explosión, fuego - Sin especificar
A146: 011 | B146: Problema eléctrico causado por fallo en la instalación - que da lugar a un contacto indirecto
A147: 012 | B147: Problema eléctrico - que da lugar a un contacto directo
A148: 013 | B148: Explosión
A149: 014 | B149: Incendio, fuego
A150: 019 | B150: Otra desviación conocida del grupo 10 pero no mencionada anteriormente
A151: 020 | B151: Desviación por desbordamiento, vuelco, escape, derrame, vaporización, emanación - Sin especificar
A152: 021 | B152: En estado de sólido - desbordamiento, vuelco
A153: 022 | B153: En estado líquido - escape, rezumamiento, derrame, salpicadura, aspersión
A154: 023 | B154: En estado gaseoso - vaporización, formación de aerosoles, formación de gases
A155: 024 | B155: Pulverulento - emanación de humos, emisión de polvo, partículas
... A195: 099 | B195: Otra Desviación no codificada en esta clasificación.
A196: Tabla- 5: FORMA CONTACTO
A197: 000 | B197: Ninguna información
A198: 010 | B198: Contacto con corriente eléctrica, fuego, temperatura o sustancias peligrosas - Sin especificar
A199: 011 | B199: Contacto indirecto con un arco eléctrico, rayo (pasivo)
A200: 012 | B200: Contacto directo con la electricidad, recibir una descarga eléctrica en el cuerpo
A201: 013 | B201: Contacto con llamas directas u objetos o entornos - con elevada temperatura o en llamas
A202: 014 | B202: Contacto con objeto o entorno - frío o helado
A203: 015 | B203: Contacto con sustancias peligrosas - a través de la nariz, la boca, por inhalación
A204: 016 | B204: Contacto con sustancias peligrosas - sobre o a través de la piel y de los ojos
A205: 017 | B205: Contacto con sustancias peligrosas - a través del sistema digestivo: tragando o comiendo
A206: 019 | B206: Otro contacto - Tipo de lesión conocido del grupo 10 pero no mencionado anteriormente
A207: 020 | B207: Ahogamiento, quedar sepultado, quedar envuelto - Sin especificar
A208: 021 | B208: Ahogamiento en un líquido
... A246: 099 | B246: Otro contacto - Tipo de lesión no codificado en la presente clasificación
A247: Tabla - 6: PARTE DEL CUERPO LESIONADA
A248: 000 | B248: Parte del cuerpo afectada, sin especificar
A249: 010 | B249: Cabeza, no descrita con más detalle
A250: 011 | B250: Cabeza (Caput), cerebro, nervios craneanos y vasos cerebrales
A251: 012 | B251: Zona facial
A252: 013 | B252: Ojo(s)
A253: 014 | B253: Oreja(s)
A254: 015 | B254: Dientes
A255: 018 | B255: Cabeza, múltiples partes afectadas
A256: 019 | B256: Cabeza, otras partes no mencionadas anteriormente
A257: 020 | B257: Cuello, incluida la columna y las vértebras cervicales
A258: 021 | B258: Cuello, incluida la columna y las vértebras del cuello
A259: 029 | B259: Cuello, otras partes no mencionadas anteriormente
... A288: 099 | B288: Otras partes del cuerpo no mencionadas anteriormente
A289: Tabla - 7: DESCRIPCIÓN DE LA LESIÓN
A290: 0 | B290: Tipo de lesión desconocida o sin especificar
A291: 010 | B291: Heridas y lesiones superficiales
...

Sheet CNAE09
A1: DESC_SECTOR | B1: COD_CNAE1 | C1: DESC_CNAE1 | D1: COD_CNAE2D | E1: DESC_CNAE2D | G1: COD_CNAE3D | H1: DESC_CNAE3D | I1: COD_CNAE4D | J1: DESC_CNAE4D
A2: Agricultura | B2: A | C2: Agricultura, ganadería, silvicultura y pesca | D2: 01 | E2: Agricultura, ganadería, caza y servicios relacionados con las mismas | F2: 1 | G2: 011 | H2: Cultivos no perennes | I2: 0111 | J2: Cultivo de cereales (excepto arroz), leguminosas y semillas oleaginosas
A3: Industria | B3: B | C3: Industrias extractivas | D3: 02 | E3: Silvicultura y explotación forestal | F3: 2 | G3: 011 | H3: Cultivos no perennes | I3: 0112 | J3: Cultivo de arroz
A4: Industria | B4: C | C4: Industria manufacturera | D4: 03 | E4: Pesca y acuicultura | F4: 3 | G4: 011 | H4: Cultivos no perennes | I4: 0113 | J4: Cultivo de hortalizas, raíces y tubérculos
A5: Industria | B5: D | C5: Suministro de energía eléctrica, gas, vapor y aire acondicionado | D5: 05 | E5: Extracción de antracita, hulla y lignito | F5: 4 | G5: 011 | H5: Cultivos no perennes | I5: 0114 | J5: Cultivo de caña de azúcar
A6: Industria | B6: E | C6: Suministro de agua, actividades de saneamiento, gestión de residuos y descontaminación | D6: 06 | E6: Extracción de crudo de petróleo y gas natural | F6: 5 | G6: 011 | H6: Cultivos no perennes | I6: 0115 | J6: Cultivo de tabaco
A7: Construcción | B7: F | C7: Construcción | D7: 08 | E7: Otras industrias extractivas | F7: 6 | G7: 011 | H7: Cultivos no perennes | I7: 0116 | J7: Cultivo de plantas para fibras textiles
A8: Servicios | B8: E | C8: Comercio al por mayor y al por menor; reparación de vehículos de motor y motocicletas | D8: 09 | E8: Actividades de apoyo a las industrias extractivas | F8: 7 | G8: 011 | H8: Cultivos no perennes | I8: 0119 | J8: Otros cultivos no perennes
A9: Servicios | B9: H | C9: Transporte y almacenamiento | D9: 10 | E9: Industria de la alimentación | F9: 8 | G9: 012 | H9: Cultivos perennes | I9: 0121 | J9: Cultivo de la vid
A10: Servicios | B10: I | C10: Hostelería | D10: 11 | E10: Fabricación de bebidas | F10: 9 | G10: 012 | H10: Cultivos perennes | I10: 0122 | J10: Cultivo de frutos tropicales y subtropicales
A11: Servicios | B11: J | C11: Información y comunicaciones | D11: 12 | E11: Industria del tabaco | F11: 10 | G11: 012 | H11: Cultivos perennes | I11: 0123 | J11: Cultivo de cítricos
A12: Servicios | B12: K | C12: Actividades financieras y de seguros | D12: 13 | E12: Industria textil | F12: 11 | G12: 012 | H12: Cultivos perennes | I12: 0124 | J12: Cultivo de frutos con hueso y pepitas
A13: Servicios | B13: L | C13: Actividades inmobiliarias | D13: 14 | E13: Confección de prendas de vestir | F13: 12 | G13: 012 | H13: Cultivos perennes | I13: 0125 | J13: Cultivo de otros árboles y arbustos frutales y frutos secos
... A24: NC | B24: Z | C24: NC | D24: 25 | E24: Fabricación de productos metálicos, excepto maquinaria y equipo | F24: 23 | G24: 014 | H24: Producción ganadera | I24: 0146 | J24: Explotación de ganado porcino
D25: 26 | E25: Fabricación de productos informáticos, electrónicos y ópticos | F25: 24 | G25: 014 | H25: Producción ganadera | I25: 0147 | J25: Avicultura
D26: 27 | E26: Fabricación de material y equipo eléctrico | F26: 25 | G26: 014 | H26: Producción ganadera | I26: 0149 | J26: Otras explotaciones de ganado
D27: 28 | E27: Fabricación de maquinaria y equipo n.c.o.p. | F27: 26 | G27: 015 | H27: Producción agrícola combinada con la producción ganadera | I27: 0150 | J27: Producción agrícola combinada con la producción ganadera
D28: 29 | E28: Fabricación de vehículos de motor, remolques y semirremolques | F28: 27 | G28: 016 | H28: Actividades de apoyo a la agricultura, a la ganadería y de preparación posterior a la cosecha | I28: 0161 | J28: Actividades de apoyo a la agricultura
D29: 30 | E29: Fabricación de otro material de transporte | F29: 29 | G29: 016 | H29: Actividades de apoyo a la agricultura, a la ganadería y de preparación posterior a la cosecha | I29: 0162 | J29: Actividades de apoyo a la ganadería
D30: 31 | E30: Fabricación de muebles | F30: 30 | G30: 016 | H30: Actividades de apoyo a la agricultura, a la ganadería y de preparación posterior a la cosecha | I30: 0163 | J30: Actividades de preparación posterior a la cosecha
D31: 32 | E31: Otras industrias manufactureras | F31: 31 | G31: 016 | H31: Actividades de apoyo a la agricultura, a la ganadería y de preparación posterior a la cosecha | I31: 0164 | J31: Tratamiento de semillas para reproducción
D32: 33 | E32: Reparación e instalación de maquinaria y equipo | F32: 32 | G32: 017 | H32: Caza, captura de animales y servicios relacionados con las mismas | I32: 0170 | J32: Caza, captura de animales y servicios relacionados con las mismas
D33: 35 | E33: Suministro de energía eléctrica, gas, vapor y aire acondicionado | F33: 33 | G33: 021 | H33: Silvicultura y otras actividades forestales | I33: 0210 | J33: Silvicultura y otras actividades forestales
D34: 36 | E34: Captación, depuración y distribución de agua | F34: 34 | G34: 022 | H34: Explotación de la madera | I34: 0220 | J34: Explotación de la madera
D35: 37 | E35: Recogida y tratamiento de aguas residuales | F35: 35 | G35: 023 | H35: Recolección de productos silvestres, excepto madera | I35: 0230 | J35: Recolección de productos silvestres, excepto madera
D36: 38 | E36: Recogida, tratamiento y eliminación de residuos; valorización | F36: 36 | G36: 024 | H36: Servicios de apoyo a la silvicultura | I36: 0240 | J36: Servicios de apoyo a la silvicultura
... D59: 60 | E59: Actividades de programación y emisión de radio y televisión | F59: 61 | G59: 102 | H59: Procesado y conservación de pescados, crustáceos y moluscos | I59: 1021 | J59: Procesado de pescados, crustáceos y moluscos
D60: 61 | E60: Telecomunicaciones | G60: 102 | H60: Procesado y conservación de pescados, crustáceos y moluscos | I60: 1022 | J60: Fabricación de conservas de pescado
D61: 62 | E61: Programación, consultoría y otras actividades relacionadas con la informática | G61: 103 | H61: Procesado y conservación de frutas y hortalizas | I61: 1031 | J61: Procesado y conservación de patatas
D62: 63 | E62: Servicios de información | G62: 103 | H62: Procesado y conservación de frutas y hortalizas | I62: 1032 | J62: Elaboración de zumos de frutas y hortalizas
D63: 64 | E63: Servicios financieros, excepto seguros y fondos de pensiones | G63: 103 | H63: Procesado y conservación de frutas y hortalizas | I63: 1039 | J63: Otro procesado y conservación de frutas y hortalizas
D64: 65 | E64: Seguros, reaseguros y fondos de pensiones, excepto Seguridad Social obligatoria | G64: 104 | H64: Fabricación de aceites y grasas vegetales y animales | I64: 1042 | J64: Fabricación de margarina y grasas comestibles similares
D65: 66 | E65: Actividades auxiliares a los servicios financieros y a los seguros | G65: 104 | H65: Fabricación de aceites y grasas vegetales y animales | I65: 1043 | J65: Fabricación de aceite de oliva
D66: 68 | E66: Actividades inmobiliarias | G66: 104 | H66: Fabricación de aceites y grasas vegetales y animales | I66: 1044 | J66: Fabricación de otros aceites y grasas
D67: 69 | E67: Actividades jurídicas y de contabilidad | G67: 105 | H67: Fabricación de productos lácteos | I67: 1052 | J67: Elaboración de helados
D68: 70 | E68: Actividades de las sedes centrales; actividades de consultoría de gestión empresarial | G68: 105 | H68: Fabricación de productos lácteos | I68: 1053 | J68: Fabricación de quesos
D69: 71 | E69: Servicios técnicos de arquitectura e ingeniería; ensayos y análisis técnicos | G69: 105 | H69: Fabricación de productos lácteos | I69: 1054 | J69: Preparación de leche y otros productos lácteos
D70: 72 | E70: Investigación y desarrollo | G70: 106 | H70: Fabricación de productos de molinería, almidones y productos amiláceos | I70: 1061 | J70: Fabricación de productos de molinería
D71: 73 | E71: Publicidad y estudios de mercado | G71: 106 | H71: Fabricación de productos de molinería, almidones y productos amiláceos | I71: 1062 | J71: Fabricación de almidones y productos amiláceos
... D95: 100 | E95: NC | G95: 139 | H95: Fabricación de otros productos textiles | I95: 1391 | J95: Fabricación de tejidos de punto
G96: 139 | H96: Fabricación de otros productos textiles | I96: 1392 | J96: Fabricación de artículos confeccionados con textiles, excepto prendas de vestir
G97: 139 | H97: Fabricación de otros productos textiles | I97: 1393 | J97: Fabricación de alfombras y moquetas
G98: 139 | H98: Fabricación de otros productos textiles | I98: 1394 | J98: Fabricación de cuerdas, cordeles, bramantes y redes
G99: 139 | H99: Fabricación de otros productos textiles | I99: 1395 | J99: Fabricación de telas no tejidas y artículos confeccionados con ellas, excepto prendas de vestir
G100: 139 | H100: Fabricación de otros productos textiles | I100: 1396 | J100: Fabricación de otros productos textiles de uso técnico e industrial
G101: 139 | H101: Fabricación de otros productos textiles | I101: 1399 | J101: Fabricación de otros productos textiles n.c.o.p.
G102: 141 | H102: Confección de prendas de vestir, excepto de peletería | I102: 1411 | J102: Confección de prendas de vestir de cuero
G103: 141 | H103: Confección de prendas de vestir, excepto de peletería | I103: 1412 | J103: Confección de ropa de trabajo
G104: 141 | H104: Confección de prendas de vestir, excepto de peletería | I104: 1413 | J104: Confección de otras prendas de vestir exteriores
G105: 141 | H105: Confección de prendas de vestir, excepto de peletería | I105: 1414 | J105: Confección de ropa interior
G106: 141 | H106: Confección de prendas de vestir, excepto de peletería | I106: 1419 | J106: Confección de otras prendas de vestir y accesorios
G107: 142 | H107: Fabricación de artículos de peletería | I107: 1420 | J107: Fabricación de artículos de peletería
... G632: 999 | H632: NC | I632: 9999 | J632: NC

Sheet CNO11
A1: 1 | B1: Directores y gerentes
A2: A | B2: Directores y gerentes
A3: 11 | B3: Miembros del poder ejecutivo y de los cuerpos legislativos; directivos de la Administración Pública y organizaciones de interés social; directores ejecutivos
A4: 111 | B4: Miembros del poder ejecutivo y de los cuerpos legislativos; directivos de la Administración Pública y organizaciones de interés social
A5: 1111 | B5: Miembros del poder ejecutivo (nacional, autonómico y local) y del poder legislativo
A6: 1112 | B6: Personal directivo de la Administración Pública
A7: 1113 | B7: Directores de organizaciones de interés social
A8: 112 | B8: Directores generales y presidentes ejecutivos
A9: 1120 | B9: Directores generales y presidentes ejecutivos
A10: 12 | B10: Directores de departamentos administrativos y comerciales
A11: 121 | B11: Directores de departamentos administrativos
A12: 1211 | B12: Directores financieros
A13: 1212 | B13: Directores de recursos humanos
A14: 1219 | B14: Directores de políticas y planificación y de otros departamentos administrativos no clasificados bajo otros epígrafes
A15: 122 | B15: Directores comerciales, de publicidad, relaciones públicas y de investigación y desarrollo
A16: 1221 | B16: Directores comerciales y de ventas
A17: 1222 | B17: Directores de publicidad y relaciones públicas
A18: 1223 | B18: Directores de investigación y desarrollo
A19: 13 | B19: Directores de producción y operaciones
... A26: 1316 | B26: Directores de empresas de construcción
A27: 132 | B27: Directores de servicios de tecnologías de la información y las comunicaciones (TIC) y de empresas de servicios profesionales
A28: 1321 | B28: Directores de servicios de tecnologías de la información y las comunicaciones (TIC)
A29: 1322 | B29: Directores de servicios sociales para niños
A30: 1323 | B30: Directores-gerentes de centros sanitarios
A31: 1324 | B31: Directores de servicios sociales para personas mayores
A32: 1325 | B32: Directores de otros servicios sociales
A33: 1326 | B33: Directores de servicios de educación
A34: 1327 | B34: Directores de sucursales de bancos, de servicios financieros y de seguros
A35: 1329 | B35: Directores de otras empresas de servicios profesionales no clasificados bajo otros epígrafes
A36: 14 | B36: Directores y gerentes de empresas de alojamiento, restauración y comercio
A37: 141 | B37: Directores y gerentes de empresas de alojamiento
A38: 1411 | B38: Directores y gerentes de hoteles
A39: 1419 | B39: Directores y gerentes de otras empresas de servicios de alojamiento
... A42: 1422 | B42: Directores y gerentes de bares, cafeterías y similares
A43: 1429 | B43: Directores y gerentes de empresas de catering y otras empresas de restauración
A44: 143 | B44: Directores y gerentes de empresas de comercio al por mayor y al por menor
A45: 1431 | B45: Directores y gerentes de empresas de comercio al por mayor
A46: 1432 | B46: Directores y gerentes de empresas de comercio al por menor
A47: 15 | B47: Directores y gerentes de otras empresas de servicios no clasificados bajo otros epígrafes
A48: 150 | B48: Directores y gerentes de otras empresas de servicios no clasificados bajo otros epígrafes
A49: 1501 | B49: Directores y gerentes de empresas de actividades recreativas, culturales y deportivas
A50: 1509 | B50: Directores y gerentes de empresas de gestión de residuos y de otras empresas de servicios no clasificados bajo otros epígrafes
A51: 2 | B51: Técnicos y profesionales científicos e intelectuales
A52: B | B52: Técnicos y profesionales científicos e intelectuales de la salud y la enseñanza
A53: 21 | B53: Profesionales de la salud
A54: 211 | B54: Médicos
A55: 2111 | B55: Médicos de familia
A56: 2112 | B56: Otros médicos especialistas
A57: 212 | B57: Profesionales de enfermería y partería
A58: 2121 | B58: Enfermeros no especializados
A59: 2122 | B59: Enfermeros especializados (excepto matronos)
A60: 2123 | B60: Matronos
A61: 213 | B61: Veterinarios
A62: 2130 | B62: Veterinarios
A63: 214 | B63: Farmacéuticos
A64: 2140 | B64: Farmacéuticos
A65: 215 | B65: Otros profesionales de la salud
A66: 2151 | B66: Odontólogos y estomatólogos
A67: 2152 | B67: Fisioterapeutas
A68: 2153 | B68: Dietistas y nutricionistas
A69: 2154 | B69: Logopedas
A70: 2155 | B70: Ópticos-optometristas
A71: 2156 | B71: Terapeutas ocupacionales
A72: 2157 | B72: Podólogos
... A74: 2159 | B74: Profesionales de la salud no clasificados bajo otros epígrafes
A75: 22 | B75: Profesionales de la enseñanza infantil, primaria, secundaria y postsecundaria
A76: 221 | B76: Profesores de universidades y otra enseñanza superior (excepto formación profesional)
A77: 2210 | B77: Profesores de universidades y otra enseñanza superior (excepto formación profesional)
A78: 222 | B78: Profesores de formación profesional (materias específicas)
A79: 2220 | B79: Profesores de formación profesional (materias específicas)
A80: 223 | B80: Profesores de enseñanza secundaria (excepto materias específicas de formación profesional)
A81: 2230 | B81: Profesores de enseñanza secundaria (excepto materias específicas de formación profesional)
A82: 224 | B82: Profesores de enseñanza primaria
A83: 2240 | B83: Profesores de enseñanza primaria
A84: 225 | B84: Maestros y educadores de enseñanza infantil
A85: 2251 | B85: Maestros de educación infantil
A86: 2252 | B86: Técnicos en educación infantil
A87: 23 | B87: Otros profesionales de la enseñanza
A88: 231 | B88: Profesores y técnicos de educación especial
A89: 2311 | B89: Profesores de educación especial
... A99: C | B99: Otros técnicos y profesionales científicos e intelectuales
A100: 24 | B100: Profesionales de la ciencias físicas, químicas, matemáticas y de las ingenierías
A101: 241 | B101: Físicos, químicos, matemáticos y afines
A102: 2411 | B102: Físicos y astrónomos
A103: 2412 | B103: Meteorólogos
A104: 2413 | B104: Químicos
A105: 2414 | B105: Geólogos y geofísicos
A106: 2415 | B106: Matemáticos y actuarios
A107: 2416 | B107: Estadísticos
A108: 242 | B108: Profesionales en ciencias naturales
A109: 2421 | B109: Biólogos, botánicos, zoólogos y afines
A110: 2422 | B110: Ingenieros agrónomos
A111: 2423 | B111: Ingenieros de montes
... A217: 2939 | B217: Artistas creativos e interpretativos no clasificados bajo otros epígrafes
A218: 3 | B218: Técnicos; profesionales de apoyo
A219: D | B219: Técnicos; profesionales de apoyo
A220: 31 | B220: Técnicos de las ciencias y de las ingenierías
A221: 311 | B221: Delineantes y dibujantes técnicos
A222: 3110 | B222: Delineantes y dibujantes técnicos
A223: 312 | B223: Técnicos de las ciencias físicas, químicas, medioambientales y de las ingenierías
...

Sheet ATR-FN
A1: ACCIDENTES DE TRABAJO
A3: FUENTES Y NOTAS EXPLICATIVAS
A5: Fuentes de información:
A6: La información de accidentes de trabajo procede de la explotación mensual que efectúan conjuntamente el Observatorio de Accidentes de Trabajo y Enfermedades Profesionales de La Rioja y el Instituto Riojano de Estadística de los partes de accidentes de trabajo notificados a través del sistema Delt@ en nuestra comunidad autónoma.
A7: Los datos que se ofrecen son provisionales de avance de los datos que se incluirán en la publicación anual "Análisis de la siniestralidad laboral en La Rioja" que se incorporarán en su día a la página web www.larioja.org/irsal
A8: Notas generales:
A9: Para los casos de accidentes de trabajo con baja, se contabilizan los casos de accidentes cuya fecha de baja está comprendida dentro del periodo de referencia. Se excluyen aquellas notificaciones de accidente que tienen la consideración de recaídas, que se tratan siempre por separado. Los datos sobre recaídas se incluyen únicamente en las publicaciones anuales de datos definitivos.
A10: Según el lugar de ocurrencia de los accidentes de trabajo, éstos pueden tener lugar durante la jornada laboral (ya sea en el propio centro donde el trabajador está afiliado a la Seguridad Social, en otro centro de trabajo o en desplazamiento) o al ir o volver del trabajo (accidentes in itinere).
A11: Según el dictamen facultativo, que figura en el parte médico de baja, los accidentes se clasifican según su gravedad en leves, graves (incluidos los muy graves) y mortales.
A12: Las tablas de la presente publicación se dividen en los siguientes apartados:
B13: - CUADROS RESUMEN Principales datos y comparativa con los resultados obtenidos en el mismo periodo del año anterior. - ACCIDENTES DE TRABAJO CON BAJA, EN JORNADA E IN ITINERE, SEGÚN GRAVEDAD Tablas de datos desglosados por las principales variables: sección y división de actividad económica; sexo y edad de la víctima; grandes grupos de ocupación; tipo de lugar donde se encontraba el trabajador accidentado; actividad física específica que realizaba la víctima; desviación que desencadenó el accidente; forma o contacto que produjo la lesión; descripción de la lesión y parte del cuerpo lesionada. - ACCIDENTES DE TRABAJO CON BAJA, SEGÚN SECCIÓN DE ACTIVIDAD ECONÓMICA Tablas de datos de totales de accidentes en jornada e in itinere cruzando las variables sección de actividad económica. - ÍNDICES DE INCIDENCIA DE ACCIDENTES DE TRABAJO EN JORNADA Índices de incidencia por sector y sección de actividad económica.
A15: Notas a distintos cuadros: | J15: Volver al índice
A16: ATR-R1 y ATR-I2 (cálculo de índices de incidencia): Para el cálculo de los índices de incidencia se utiliza la siguiente fórmula:
A18: Los afiliados a la Seguridad Social con la contingencia de accidente de trabajo específicamente cubierta se refiere a los afiliados pertenecientes a los siguientes regímenes de la Seguridad Social:
B19: - Régimen General de la Seguridad Social (cobertura obligatoria), incluidos los trabajadores en periodos de actividad del Sistema Especial para Trabajadores por Cuenta Ajena Agrarios y los trabajadores del Sistema Especial para Empleados de Hogar. No se contabilizan los afiliados en periodos de inactividad del Sistema Especial para Trabajadores por Cuenta Ajena Agrarios. Tampoco se contabilizan los funcionarios afiliados al Régimen General de la Seguridad Social afectados por la disposición adicional tercera del texto refundido de la Ley General de la Seguridad Social aprobado por el Real Decreto Legislativo 8/2015, de 30 de octubre, debido a que la gestión de las contingencias profesionales de este colectivo se lleva a cabo a través de las mutualidades de funcionarios (MUFACE, ISFAS y MUGEJU). - Régimen Especial de la Minería del Carbón (cobertura obligatoria). - Régimen Especial de Trabajadores del Mar (cobertura obligatoria). - Régimen Especial de Trabajadores Autónomos (cobertura voluntaria, excepto para los autónomos económicamente dependientes para los que esta cobertura es obligatoria).
A20: Para el cálculo de los índices de incidencia se considera el dato de afiliación media, obtenido como media de los datos mensuales referidos a último día de mes, en los meses que intervienen en cada periodo de referencia.
A21: ATR-A5, ATR-A6, ATR-A7, ATR-A8, ATR-A9 y ATR-A10 (causas y circunstancias de los accidentes): Estos cuadros clasifican la información según las variables sobre causas y circunstancias que ocurrieron en el accidente de trabajo. La inclusión de estas variables de causas y circunstancias responde, por una parte, a la necesidad de conocer cómo se producen los accidentes y, por otra, a las necesidades de armonización de las estadísticas en el ámbito de la Unión Europea establecidas por la Oficina Estadística de la UE (EUROSTAT) y a las recomendaciones de la OIT. Los códigos utilizados son los establecidos por dicha Oficina. Estas variables son las siguientes:
B22: - Tipo de lugar (ATR-A5): Entorno general o del local de trabajo en el que se encontraba el trabajador inmediatamente antes de producirse el accidente. - Actividad física específica (ATR-A6): Actividad concreta que realizaba la víctima inmediatamente antes de producirse el accidente. Por ejemplo, desplazamiento por la obra, manipular un objeto, etc. - Desviación (ATR-A7): Suceso o hecho anormal que ha interferido negativamente en el proceso normal de ejecución del trabajo y que ha dado lugar a que se produzca el accidente. Por ejemplo, desprendimiento o caída de objetos, bloqueo de una máquina, caída de herramienta manual de corte, etc. - Forma o contacto que ocasionó la lesión (ATR-A8): Modo en que el trabajador ha resultado lesionado. Por ejemplo, caídas, contacto con herramienta manual cortante, etc. Se han incluido los accidentes de tráfico como un epígrafe más de la clasificación, dadas las especiales características de estos accidentes. - Descripción de la lesión (ATR-A9): Tipo de lesión sufrida por el accidentado, según conste en el parte médico de baja. - Parte del cuerpo lesionada (ATR-A10): Parte del cuerpo afectada por la lesión sufrida por la víctima.
A24: Clasificaciones estadísticas de actividad económica y ocupación utilizadas:
B25: - CLASIFICACIÓN NACIONAL DE ACTIVIDADES ECONÓMICAS (CNAE-2009): Vigente desde 1 de enero de 2009, según establece el Real Decreto 475/2007, de 13 de abril. - CLASIFICACIÓN NACIONAL DE OCUPACIONES (CNO-2011): Vigente desde 1 de enero de 2011, según establece el Real Decreto 1591/2010, de 26 de noviembre.
B26: Puede obtener información acerca de estas clasificaciones en la página web del Instituto Nacional de Estadística (www.ine.es)
